Workbook

Sheet Лист 01
S1: ИНН | BI1: Приложение № 1 к приказу ФНС России от 02.10.2024 № ЕД-7-3/830@
S4: КПП | AQ4: Стр. | AU4: 0 | AW4: 0 | AY4: 1
A7: Форма по КНД 1151006
A8: Лист 01
A9: Налоговая декларация по налогу на прибыль организаций
A11: Номер корректировки | Y11: Налоговый (отчетный) период (код) | BI11: Отчетный год
A13: Представляется в налоговый орган (код) | AK13: по месту нахождения (учета) (код)
A22: (полное наименование организации/обособленного подразделения/отделения иностранной организации)
A23: Форма реорганизации (ликвидация) (код)/Изменение полномочий (закрытие) обособленного подразделения (код)
A24: ИНН/КПП реорганизованной организации (обособленного подразделения) ИНН/КПП изменившего полномочия (закрытого) обособленного подразделения
AY25: /
A27: Код государства (территории) налогового резиденства иностранной организации
A30: Номер контактного телефона
A58: На | M58: страницах с приложением подтверждающих документов или их копий на | BL58: листах
A60: Достоверность и полноту сведений, указанных в настоящей декларации, подтверждаю: | AQ60: Заполняется работником налогового органа
AQ61: Сведения о представлении декларации
G62: 1 - налогоплательщик, налоговый агент 2 - представитель налогоплательщика, налогового агента | AR62: Данная декларация представлена (код)
AR64: на | BB64: страницах
AR68: с приложением подтверждающих документов
B69: (фамилия, имя, отчество* полностью) | AR69: или их копий на | BJ69: листах
B72: Подпись | R72: Дата | Z72: . | AF72: . | AR72: Дата представления декларации | BL72: . | BR72: .
B74: Наименование и реквизиты документа, подтверждающего полномочия представителя налогоплательщика, налогового агента
AR78: Фамилия, И.О.* | BL78: Подпись
D83: * Отчество указывается при наличии.

Sheet Раздел 1.1
A1: . | J1: ИНН | M1: =IF('Лист 01'!Y1="","",'Лист 01'!Y1) | N1: =IF('Лист 01'!AA1="","",'Лист 01'!AA1) | O1: =IF('Лист 01'!AC1="","",'Лист 01'!AC1) | P1: =IF('Лист 01'!AE1="","",'Лист 01'!AE1) | Q1: =IF('Лист 01'!AG1="","",'Лист 01'!AG1) | R1: =IF('Лист 01'!AI1="","",'Лист 01'!AI1) | S1: =IF('Лист 01'!AK1="","",'Лист 01'!AK1) | T1: =IF('Лист 01'!AM1="","",'Лист 01'!AM1) | U1: =IF('Лист 01'!AO1="","",'Лист 01'!AO1) | V1: =IF('Лист 01'!AQ1="","",'Лист 01'!AQ1)
J4: КПП | M4: =IF('Лист 01'!Y4="","",'Лист 01'!Y4) | N4: =IF('Лист 01'!AA4="","",'Лист 01'!AA4) | O4: =IF('Лист 01'!AC4="","",'Лист 01'!AC4) | P4: =IF('Лист 01'!AE4="","",'Лист 01'!AE4) | Q4: =IF('Лист 01'!AG4="","",'Лист 01'!AG4) | R4: =IF('Лист 01'!AI4="","",'Лист 01'!AI4) | S4: =IF('Лист 01'!AK4="","",'Лист 01'!AK4) | T4: =IF('Лист 01'!AM4="","",'Лист 01'!AM4) | U4: =IF('Лист 01'!AO4="","",'Лист 01'!AO4) | V4: Стр.
A8: Раздел 1. Сумма налога, подлежащая уплате
A9: Подраздел 1.1. Налог в федеральный бюджет и бюджеты субъектов Российской Федерации
B11: Показатели | R11: Код строки | V11: Значения показателей
B12: 1 | R12: 2 | V12: 3
A13: Код по ОКТМО | S13: 010
A15: В федеральный бюджет
A17: Код бюджетной классификации | S17: 030
A19: Сумма налога к доплате (в рублях) | S19: 040
A21: Сумма налога к уменьшению (в рублях) | S21: 050
A23: В бюджет субъекта Российской Федерации
A25: КПП по месту нахождения организации (обособленного подразделения) | S25: 056
A28: Код бюджетной классификации | S28: 060
A30: Сумма налога к доплате (в рублях) | S30: 070
A32: Сумма налога к уменьшению (в рублях) | S32: 080
A52: Достоверность и полноту сведений, указанных на данной странице, подтверждаю:
Q53: (подпись) | AC53: (дата)

Sheet Раздел 1.2
A1: . | J1: ИНН | M1: =IF('Лист 01'!Y1="","",'Лист 01'!Y1) | N1: =IF('Лист 01'!AA1="","",'Лист 01'!AA1) | O1: =IF('Лист 01'!AC1="","",'Лист 01'!AC1) | P1: =IF('Лист 01'!AE1="","",'Лист 01'!AE1) | Q1: =IF('Лист 01'!AG1="","",'Лист 01'!AG1) | R1: =IF('Лист 01'!AI1="","",'Лист 01'!AI1) | S1: =IF('Лист 01'!AK1="","",'Лист 01'!AK1) | T1: =IF('Лист 01'!AM1="","",'Лист 01'!AM1) | U1: =IF('Лист 01'!AO1="","",'Лист 01'!AO1) | V1: =IF('Лист 01'!AQ1="","",'Лист 01'!AQ1)
J4: КПП | M4: =IF('Лист 01'!Y4="","",'Лист 01'!Y4) | N4: =IF('Лист 01'!AA4="","",'Лист 01'!AA4) | O4: =IF('Лист 01'!AC4="","",'Лист 01'!AC4) | P4: =IF('Лист 01'!AE4="","",'Лист 01'!AE4) | Q4: =IF('Лист 01'!AG4="","",'Лист 01'!AG4) | R4: =IF('Лист 01'!AI4="","",'Лист 01'!AI4) | S4: =IF('Лист 01'!AK4="","",'Лист 01'!AK4) | T4: =IF('Лист 01'!AM4="","",'Лист 01'!AM4) | U4: =IF('Лист 01'!AO4="","",'Лист 01'!AO4) | V4: Стр.
A8: Раздел 1. Сумма налога, подлежащая уплате
A9: Подраздел 1.2. Ежемесячные авансовые платежи
B11: Показатели | R11: Код строки | V11: Значения показателей
B12: 1 | R12: 2 | V12: 3
A13: Квартал, на который исчисляются авансовые платежи (код) | S13: 001
A15: Код по ОКТМО | S15: 010
A17: В федеральный бюджет
A19: Код бюджетной классификации | S19: 110
A21: Сумма ежемесячного авансового платежа по первому сроку (в рублях) | S21: 120
A23: Сумма ежемесячного авансового платежа по второму сроку (в рублях) | S23: 130
A25: Сумма ежемесячного авансового платежа по третьему сроку (в рублях) | S25: 140
A27: В бюджет субъекта Российской Федерации
A29: КПП по месту нахождения организации (обособленного подразделения) | S29: 206
A32: Код бюджетной классификации | S32: 210
A34: Сумма ежемесячного авансового платежа по первому сроку (в рублях) | S34: 220
A36: Сумма ежемесячного авансового платежа по второму сроку (в рублях) | S36: 230
A38: Сумма ежемесячного авансового платежа по третьему сроку (в рублях) | S38: 240
A56: Достоверность и полноту сведений, указанных на данной странице, подтверждаю:
Q57: (подпись) | V57: =IF('Раздел 1.1'!V53="","",'Раздел 1.1'!V53) | AC57: (дата)

Sheet Раздел 1.3
A1: . | J1: ИНН | M1: =IF('Лист 01'!Y1="","",'Лист 01'!Y1) | N1: =IF('Лист 01'!AA1="","",'Лист 01'!AA1) | O1: =IF('Лист 01'!AC1="","",'Лист 01'!AC1) | P1: =IF('Лист 01'!AE1="","",'Лист 01'!AE1) | Q1: =IF('Лист 01'!AG1="","",'Лист 01'!AG1) | R1: =IF('Лист 01'!AI1="","",'Лист 01'!AI1) | S1: =IF('Лист 01'!AK1="","",'Лист 01'!AK1) | T1: =IF('Лист 01'!AM1="","",'Лист 01'!AM1) | U1: =IF('Лист 01'!AO1="","",'Лист 01'!AO1) | V1: =IF('Лист 01'!AQ1="","",'Лист 01'!AQ1)
J4: КПП | M4: =IF('Лист 01'!Y4="","",'Лист 01'!Y4) | N4: =IF('Лист 01'!AA4="","",'Лист 01'!AA4) | O4: =IF('Лист 01'!AC4="","",'Лист 01'!AC4) | P4: =IF('Лист 01'!AE4="","",'Лист 01'!AE4) | Q4: =IF('Лист 01'!AG4="","",'Лист 01'!AG4) | R4: =IF('Лист 01'!AI4="","",'Лист 01'!AI4) | S4: =IF('Лист 01'!AK4="","",'Лист 01'!AK4) | T4: =IF('Лист 01'!AM4="","",'Лист 01'!AM4) | U4: =IF('Лист 01'!AO4="","",'Лист 01'!AO4) | V4: Стр.
A8: Раздел 1. Сумма налога, подлежащая уплате
A9: Подраздел 1.3. Налог с отдельных видов доходов
B11: Показатели | R11: Код строки | V11: Значения показателей
B12: 1 | R12: 2 | V12: 3
B13: Код по ОКТМО | S13: 010
B15: Вид дохода (код) | S15: 020
B18: Код бюджетной классификации | S18: 030
B20: Сумма налога по первому сроку (в рублях) | S20: 040
B22: Сумма налога по второму сроку (в рублях) | S22: 050
B24: Сумма налога по третьему сроку (в рублях) | S24: 060
B26: Сумма налога по сроку уплаты за отчетный (налоговый) период (в рублях) | S26: 070
B29: Вид дохода (код) | S29: 020
B32: Код бюджетной классификации | S32: 030
B34: Сумма налога по первому сроку (в рублях) | S34: 040
B36: Сумма налога по второму сроку (в рублях) | S36: 050
B38: Сумма налога по третьему сроку (в рублях) | S38: 060
... B55: Сумма налога по сроку уплаты за отчетный (налоговый) период (в рублях) | S55: 070
A65: Достоверность и полноту сведений, указанных на данной странице, подтверждаю:
Q66: (подпись) | V66: =IF('Раздел 1.1'!V53="","",'Раздел 1.1'!V53) | AC66: (дата)

Sheet Лист 02
A1: . | J1: ИНН | M1: =IF('Лист 01'!Y1="","",'Лист 01'!Y1) | N1: =IF('Лист 01'!AA1="","",'Лист 01'!AA1) | O1: =IF('Лист 01'!AC1="","",'Лист 01'!AC1) | P1: =IF('Лист 01'!AE1="","",'Лист 01'!AE1) | Q1: =IF('Лист 01'!AG1="","",'Лист 01'!AG1) | R1: =IF('Лист 01'!AI1="","",'Лист 01'!AI1) | S1: =IF('Лист 01'!AK1="","",'Лист 01'!AK1) | T1: =IF('Лист 01'!AM1="","",'Лист 01'!AM1) | U1: =IF('Лист 01'!AO1="","",'Лист 01'!AO1) | V1: =IF('Лист 01'!AQ1="","",'Лист 01'!AQ1)
J4: КПП | M4: =IF('Лист 01'!Y4="","",'Лист 01'!Y4) | N4: =IF('Лист 01'!AA4="","",'Лист 01'!AA4) | O4: =IF('Лист 01'!AC4="","",'Лист 01'!AC4) | P4: =IF('Лист 01'!AE4="","",'Лист 01'!AE4) | Q4: =IF('Лист 01'!AG4="","",'Лист 01'!AG4) | R4: =IF('Лист 01'!AI4="","",'Лист 01'!AI4) | S4: =IF('Лист 01'!AK4="","",'Лист 01'!AK4) | T4: =IF('Лист 01'!AM4="","",'Лист 01'!AM4) | U4: =IF('Лист 01'!AO4="","",'Лист 01'!AO4) | V4: Стр.
A7: Лист 02
A8: Расчет суммы налога
M10: указывается 01, если организация не относится к указанным ниже
A11: Признак налогоплательщика (код)
A13: Номер документа | H13: /
A16: 02 - сельскохозяйственный товаропроизводитель 03 - резидент (участник) особой (свободной) экономической зоны 04 - недропользователь новых морских месторождений 06 - резидент территории опережающего развития 07 - участник регионального инвестиционного проекта 08 - участник специального инвестиционного контракта 09 - образовательная организация 10 - медицинская организация 11 - образовательная и медицинская организация 12 - организация, осуществляющая социальное обслуживание граждан | U16: 14 - оператор по обращению с твердыми коммунальными отходами 15 - недропользователь, применяющий налог на дополнительный доход 16 - организация по производству СПГ и переработке углеводородов 17 - организация, осуществляющая деятельность в области информационных технологий 18 - резидент Арктической зоны Российской Федерации 19 - организация радиоэлектронной промышленности 20 - организация, предоставляющая права использования результатов интеллектуальной деятельности 21 - организация по производству аммиака и водорода 22 - малая технологическая компания
A17: Показатели | W17: Код строки | AA17: Сумма в рублях
B18: 1 | W18: 2 | AA18: 3
A19: Доходы от реализации (стр.040 приложения № 1 к Листу 02) | X19: 010
A21: Внереализационные доходы (стр.100 приложения № 1 к Листу 02) | X21: 020
A23: Расходы, уменьшающие сумму доходов от реализации (стр.130 приложения № 2 к Листу 02) | X23: 030
A26: Внереализационные расходы (стр.200 + стр.300 приложения № 2 к Листу 02) | X26: 040
A28: Убытки (стр.360 приложения № 3 к Листу 02) | X28: 050
A30: Итого прибыль (убыток) (стр.010 + стр.020 - стр.030 - стр.040 + стр.050) + (стр.330 - стр.340) Листа 06 | X30: 060
A33: Доходы, исключаемые из прибыли | X33: 070
A36: Налоговая база (стр.060 - стр.070 - стр.400 приложения № 2 к Листу 02 + стр.100 Листов 05 + стр.530 Листа 06 + стр.050 Листов 08 (или - стр.050 Листов 08, если показатель указан со знаком "минус") - стр.010 Листа 04 с кодом вида дохода "37") | X36: 100
A39: Сумма убытка или части убытка, уменьшающего налоговую базу за отчетный (налоговый) период (стр.150 приложения № 4 к Листу 02) | X39: 110
A42: Налоговая база для исчисления налога (стр.100 - стр.110) | X42: 120
A44: в том числе в бюджет субъекта Российской Федерации (в соответствии с пунктом 1 статьи 284 Налогового кодекса Российской Федерации (далее - Кодекс) | X44: 130
A47: Ставка налога в федеральный бюджет (%) | X47: 150 | AB47: .
A49: Ставка налога в бюджет субъекта Российской Федерации (%) | X49: 160 | AB49: .
A51: Ставка налога в бюджет субъекта Российской Федерации (%) (в соответствии с пунктом 1 статьи 284 Кодекса) | X51: 170 | AB51: .
A54: Закон субъекта Российской Федерации, которым установлена налоговая ставка | X54: 171 | AD54: / | AI54: / | AN54: /
A58: Сумма исчисленного налога - всего | X58: 180
A59: в том числе:
A60: в федеральный бюджет (стр.120 х стр.150 : 100) | X60: 190
A62: в бюджет субъекта Российской Федерации (стр.120 - стр.130) х стр.160 : 100 + (стр.130 х стр.170 : 100) | X62: 200

Sheet Лист 02 (продолжение_1)
A1: . | H1: ИНН | K1: =IF('Лист 01'!Y1="","",'Лист 01'!Y1) | L1: =IF('Лист 01'!AA1="","",'Лист 01'!AA1) | M1: =IF('Лист 01'!AC1="","",'Лист 01'!AC1) | N1: =IF('Лист 01'!AE1="","",'Лист 01'!AE1) | O1: =IF('Лист 01'!AG1="","",'Лист 01'!AG1) | P1: =IF('Лист 01'!AI1="","",'Лист 01'!AI1) | Q1: =IF('Лист 01'!AK1="","",'Лист 01'!AK1) | R1: =IF('Лист 01'!AM1="","",'Лист 01'!AM1) | S1: =IF('Лист 01'!AO1="","",'Лист 01'!AO1) | T1: =IF('Лист 01'!AQ1="","",'Лист 01'!AQ1)
H4: КПП | K4: =IF('Лист 01'!Y4="","",'Лист 01'!Y4) | L4: =IF('Лист 01'!AA4="","",'Лист 01'!AA4) | M4: =IF('Лист 01'!AC4="","",'Лист 01'!AC4) | N4: =IF('Лист 01'!AE4="","",'Лист 01'!AE4) | O4: =IF('Лист 01'!AG4="","",'Лист 01'!AG4) | P4: =IF('Лист 01'!AI4="","",'Лист 01'!AI4) | Q4: =IF('Лист 01'!AK4="","",'Лист 01'!AK4) | R4: =IF('Лист 01'!AM4="","",'Лист 01'!AM4) | S4: =IF('Лист 01'!AO4="","",'Лист 01'!AO4) | T4: Стр.
A8: Лист 02 (продолжение)
B11: Признак налогоплательщика (код)
B13: Номер документа | K13: /
B15: Показатели | U15: Код строки | Y15: Сумма в рублях
B16: 1 | U16: 2 | Y16: 3
A17: Сумма начисленных авансовых платежей за отчетный (налоговый) период - всего
V18: 210
A19: в том числе:
A20: в федеральный бюджет | V20: 220
A22: в бюджет субъекта Российской Федерации | V22: 230
A24: Сумма налога, выплаченная за пределами Российской Федерации и засчитываемая в уплату налога согласно статье 311 Кодекса | V24: 240
A26: в том числе:
A27: в федеральный бюджет | V27: 250
A29: в бюджет субъекта Российской Федерации | V29: 260
A31: Сумма торгового сбора, исчисленная с начала налогового периода | V31: 265
A34: Сумма торгового сбора, на которую уменьшены авансовые платежи в бюджет субъекта Российской Федерации за предыдущий отчетный период | V34: 266
A37: Сумма торгового сбора, на которую уменьшены исчисленные авансовые платежи (налог) в бюджет субъекта Российской Федерации за отчетный (налоговый) период | V37: 267
A40: Сумма уменьшения авансовых платежей (налога) при применении налоговых вычетов
A41: в федеральный бюджет | V41: 268
A43: в бюджет субъекта Российской Федерации | V43: 269
A45: Сумма налога к доплате
A46: в федеральный бюджет (стр.190 - стр.220 - стр.250 - стр.268) | V46: 270
A48: в бюджет субъекта Российской Федерации (стр.200 - стр.230 - стр.260 - стр.267 - стр.269) | V48: 271
A51: Сумма налога к уменьшению
A52: в федеральный бюджет (стр.220 + стр.250 + стр.268 - стр.190) | V52: 280
A54: в бюджет субъекта Российской Федерации (стр.230 + стр.260 + стр.267 + стр.269 - стр.200) | V54: 281
A57: Сумма ежемесячных авансовых платежей, подлежащих уплате в квартале, следующем за текущим отчетным периодом | V57: 290
A59: в том числе:
A60: в федеральный бюджет | V60: 300
A62: в бюджет субъекта Российской Федерации | V62: 310
A64: Сумма ежемесячных авансовых платежей, подлежащих уплате в первом квартале следующего налогового периода | V64: 320
A66: в том числе:
A67: в федеральный бюджет | V67: 330
A69: в бюджет субъекта Российской Федерации | V69: 340
A71: По налогоплательщикам - участникам региональных инвестиционных проектов:
A72: объем капитальных вложений, осуществленных в целях реализации инвестиционного проекта | V72: 350
A75: разница между суммой налога, рассчитанной по общей налоговой ставке, и суммой налога, исчисленной с применением пониженных налоговых ставок | V75: 351

Sheet Лист 02 (продолжение_2)
A1: . | J1: ИНН | M1: =IF('Лист 01'!Y1="","",'Лист 01'!Y1) | N1: =IF('Лист 01'!AA1="","",'Лист 01'!AA1) | O1: =IF('Лист 01'!AC1="","",'Лист 01'!AC1) | P1: =IF('Лист 01'!AE1="","",'Лист 01'!AE1) | Q1: =IF('Лист 01'!AG1="","",'Лист 01'!AG1) | R1: =IF('Лист 01'!AI1="","",'Лист 01'!AI1) | S1: =IF('Лист 01'!AK1="","",'Лист 01'!AK1) | T1: =IF('Лист 01'!AM1="","",'Лист 01'!AM1) | U1: =IF('Лист 01'!AO1="","",'Лист 01'!AO1) | V1: =IF('Лист 01'!AQ1="","",'Лист 01'!AQ1)
J4: КПП | M4: =IF('Лист 01'!Y4="","",'Лист 01'!Y4) | N4: =IF('Лист 01'!AA4="","",'Лист 01'!AA4) | O4: =IF('Лист 01'!AC4="","",'Лист 01'!AC4) | P4: =IF('Лист 01'!AE4="","",'Лист 01'!AE4) | Q4: =IF('Лист 01'!AG4="","",'Лист 01'!AG4) | R4: =IF('Лист 01'!AI4="","",'Лист 01'!AI4) | S4: =IF('Лист 01'!AK4="","",'Лист 01'!AK4) | T4: =IF('Лист 01'!AM4="","",'Лист 01'!AM4) | U4: =IF('Лист 01'!AO4="","",'Лист 01'!AO4) | V4: Стр.
A8: Лист 02 (продолжение)
B11: Признак налогоплательщика (код)
B13: Номер документа | M13: /
B15: Показатели | W15: Код строки | AA15: Сумма в рублях
B16: 1 | W16: 2 | AA16: 3
A17: По налогоплательщикам - участникам специальных инвестиционных контрактов:
A18: объем капитальных вложений в инвестиционный проект, размер которых предусмотрен специальным инвестиционным контрактом | X18: 352
A21: совокупный объем расходов и недополученных доходов бюджетов бюджетной системы Российской Федерации, образующихся в связи с применением мер стимулирования деятельности в сфере промышленности в отношении инвестиционного проекта | X21: 353
A24: По налогоплательщикам - резидентам территории опережающего развития, резидентам свободного порта Владивосток, резидентам Арктической зоны Российской Федерации:
A27: доходы, учитываемые при определении первой прибыли от деятельности, осуществляемой при исполнении соглашения | X27: 357
A30: расходы, учитываемые при определении первой прибыли от деятельности, осуществляемой при исполнении соглашения | X30: 358
A33: разница между доходами и расходами, указанными по стр.357 и стр.358 | X33: 359
A35: По налогоплательщикам - отделениям иностранных организаций:
A37: налоговая база при осуществлении деятельности подготовительного и вспомогательного характера в пользу третьих лиц | X37: 370
A40: расходы, понесенные иностранной организацией, осуществляющей деятельность подготовительного и вспомогательного характера | X40: 390

Sheet Прил. 1 к Листу 02
A1: . | J1: ИНН | M1: =IF('Лист 01'!Y1="","",'Лист 01'!Y1) | N1: =IF('Лист 01'!AA1="","",'Лист 01'!AA1) | O1: =IF('Лист 01'!AC1="","",'Лист 01'!AC1) | P1: =IF('Лист 01'!AE1="","",'Лист 01'!AE1) | Q1: =IF('Лист 01'!AG1="","",'Лист 01'!AG1) | R1: =IF('Лист 01'!AI1="","",'Лист 01'!AI1) | S1: =IF('Лист 01'!AK1="","",'Лист 01'!AK1) | T1: =IF('Лист 01'!AM1="","",'Лист 01'!AM1) | U1: =IF('Лист 01'!AO1="","",'Лист 01'!AO1) | V1: =IF('Лист 01'!AQ1="","",'Лист 01'!AQ1)
J4: КПП | M4: =IF('Лист 01'!Y4="","",'Лист 01'!Y4) | N4: =IF('Лист 01'!AA4="","",'Лист 01'!AA4) | O4: =IF('Лист 01'!AC4="","",'Лист 01'!AC4) | P4: =IF('Лист 01'!AE4="","",'Лист 01'!AE4) | Q4: =IF('Лист 01'!AG4="","",'Лист 01'!AG4) | R4: =IF('Лист 01'!AI4="","",'Лист 01'!AI4) | S4: =IF('Лист 01'!AK4="","",'Лист 01'!AK4) | T4: =IF('Лист 01'!AM4="","",'Лист 01'!AM4) | U4: =IF('Лист 01'!AO4="","",'Лист 01'!AO4) | V4: Стр.
A7: Приложение № 1 к Листу 02
A8: Состав доходов налогоплательщика
B9: Признак налогоплательщика (код)
B11: Номер документа | M11: /
B13: Показатели | W13: Код строки | AA13: Сумма в рублях
B14: 1 | W14: 2 | AA14: 3
A15: Выручка от реализации - всего | X15: 010
A16: в том числе:
A17: выручка от реализации товаров (работ, услуг) собственного производства | X17: 011
A19: выручка от реализации покупных товаров | X19: 012
A21: выручка от реализации имущественных прав, за исключением доходов от реализации прав требований долга, указанных в приложении № 3 к Листу 02 | X21: 013
A24: выручка от реализации прочего имущества | X24: 014
A26: Выручка от реализации (выбытия, погашения) ценных бумаг профессиональных участников рынка ценных бумаг - всего | X26: 020
A28: в том числе
A29: сумма отклонения фактической выручки от реализации (выбытия) ценных бумаг, обращающихся и не обращающихся на организованном рынке ценных бумаг, ниже:
A30: минимальной (расчетной) цены по обращающимся ценным бумагам | X30: 021
A32: минимальной (расчетной) цены по необращающимся ценным бумагам | X32: 022
A34: Выручка от реализации (выбытия, погашения) ценных бумаг, обращающихся на организованном рынке ценных бумаг - всего | X34: 023
A37: в том числе сумма отклонения от минимальной (расчетной) цены | X37: 024
A39: Выручка от реализации предприятия как имущественного комплекса | X39: 027
A41: Выручка от реализации по операциям, отраженным в приложении № 3 к Листу 02 (стр.340 приложения № 3 к Листу 02) | X41: 030
A44: Итого сумма доходов от реализации (стр.010 + стр.020 + стр.023 + стр.027 + стр.030) | X44: 040
A47: Внереализационные доходы - всего | X47: 100
A48: в том числе:
B49: доходы прошлых лет, выявленные в отчетном (налоговом) периоде | X49: 101
B51: в виде стоимости полученных материалов или иного имущества при демонтаже или разборке при ликвидации выводимых из эксплуатации основных средств | X51: 102
B54: в виде безвозмездно полученного имущества (работ, услуг) и (или) имущественных прав (кроме указанных в статье 251 Кодекса), а также имущества, выявленного в результате инвентаризации | X54: 103
B57: штрафы, пени и (или) иные санкции за нарушение договорных или долговых обязательств, суммы возмещения причиненного ущерба | X57: 104
B60: сумма восстановленных расходов на капитальные вложения в соответствии с абзацем четвертым пункта 9 статьи 258 Кодекса | X60: 105
B62: доходы, полученные профессиональными участниками рынка ценных бумаг, осуществляющими дилерскую деятельность, включая банки, по операциям с производными финансовыми инструментами, не обращающимися на организованном рынке | X62: 106
B65: доходы в виде части прибыли от участия в инвестиционном товариществе | X65: 107
B67: доходы в виде процентов по долговым обязательствам любого вида | X67: 108
B69: доходы в виде положительной курсовой разницы (пункт 11 статьи 250 Кодекса) | X69: 109

Sheet Прил. 2 к Листу 02
A1: . | J1: ИНН | M1: =IF('Лист 01'!Y1="","",'Лист 01'!Y1) | N1: =IF('Лист 01'!AA1="","",'Лист 01'!AA1) | O1: =IF('Лист 01'!AC1="","",'Лист 01'!AC1) | P1: =IF('Лист 01'!AE1="","",'Лист 01'!AE1) | Q1: =IF('Лист 01'!AG1="","",'Лист 01'!AG1) | R1: =IF('Лист 01'!AI1="","",'Лист 01'!AI1) | S1: =IF('Лист 01'!AK1="","",'Лист 01'!AK1) | T1: =IF('Лист 01'!AM1="","",'Лист 01'!AM1) | U1: =IF('Лист 01'!AO1="","",'Лист 01'!AO1) | V1: =IF('Лист 01'!AQ1="","",'Лист 01'!AQ1)
J4: КПП | M4: =IF('Лист 01'!Y4="","",'Лист 01'!Y4) | N4: =IF('Лист 01'!AA4="","",'Лист 01'!AA4) | O4: =IF('Лист 01'!AC4="","",'Лист 01'!AC4) | P4: =IF('Лист 01'!AE4="","",'Лист 01'!AE4) | Q4: =IF('Лист 01'!AG4="","",'Лист 01'!AG4) | R4: =IF('Лист 01'!AI4="","",'Лист 01'!AI4) | S4: =IF('Лист 01'!AK4="","",'Лист 01'!AK4) | T4: =IF('Лист 01'!AM4="","",'Лист 01'!AM4) | U4: =IF('Лист 01'!AO4="","",'Лист 01'!AO4) | V4: Стр.
A7: Приложение № 2 к Листу 02
A8: Состав расходов налогоплательщика
B9: Признак налогоплательщика (код)
B11: Номер документа | M11: /
B13: Показатели | W13: Код строки | AA13: Сумма в рублях
B14: 1 | W14: 2 | AA14: 3
A15: Прямые расходы, относящиеся к реализованным товарам (работам, услугам) | X15: 010
A17: Прямые расходы налогоплательщиков, осуществляющих оптовую, мелкооптовую и розничную торговлю в текущем отчетном (налоговом) периоде, относящиеся к реализованным товарам | X17: 020
A20: в том числе стоимость реализованных покупных товаров | X20: 030
A22: Косвенные расходы - всего | X22: 040
A23: в том числе:
A24: суммы налогов и сборов (страховых взносов), за исключением перечисленных в статье 270 Кодекса | X24: 041
A27: расходы на капитальные вложения в соответствии с абзацем вторым пункта 9 статьи 258 Кодекса в размере:
A28: не более 10% | X28: 042
A30: не более 30% | X30: 043
A32: расходы, учтенные в отчетном (налоговом) периоде с применением повышающего коэффициента в соответствии с подпунктом 26 пункта 1 статьи 264 Кодекса | X32: 045
A35: расходы, понесенные иностранной организацией, относящиеся к деятельности постоянного представительства (отделения) | X35: 047
A38: расходы на научные исследования и (или) опытно-конструкторские разработки (далее - НИОКР) | X38: 052
A41: в том числе не давшие положительного результата | X41: 053
A43: из суммы по стр.052 расходы на НИОКР, учтенные в составе прочих расходов с применением повышающего коэффициента (пункт 7 статьи 262 Кодекса) | X43: 054
A46: в том числе не давшие положительного результата | X46: 055
A48: Стоимость реализованных имущественных прав (кроме прав требований долга, указанных в приложении № 3 к Листу 02) | X48: 059
A51: Цена приобретения реализованного прочего имущества и расходы, связанные с его реализацией | X51: 060
A54: Стоимость чистых активов предприятия, реализованного как имущественный комплекс | X54: 061

Sheet Прил. 2 к Листу 02 (продол.)
A1: . | J1: ИНН | M1: =IF('Лист 01'!Y1="","",'Лист 01'!Y1) | N1: =IF('Лист 01'!AA1="","",'Лист 01'!AA1) | O1: =IF('Лист 01'!AC1="","",'Лист 01'!AC1) | P1: =IF('Лист 01'!AE1="","",'Лист 01'!AE1) | Q1: =IF('Лист 01'!AG1="","",'Лист 01'!AG1) | R1: =IF('Лист 01'!AI1="","",'Лист 01'!AI1) | S1: =IF('Лист 01'!AK1="","",'Лист 01'!AK1) | T1: =IF('Лист 01'!AM1="","",'Лист 01'!AM1) | U1: =IF('Лист 01'!AO1="","",'Лист 01'!AO1) | V1: =IF('Лист 01'!AQ1="","",'Лист 01'!AQ1)
J4: КПП | M4: =IF('Лист 01'!Y4="","",'Лист 01'!Y4) | N4: =IF('Лист 01'!AA4="","",'Лист 01'!AA4) | O4: =IF('Лист 01'!AC4="","",'Лист 01'!AC4) | P4: =IF('Лист 01'!AE4="","",'Лист 01'!AE4) | Q4: =IF('Лист 01'!AG4="","",'Лист 01'!AG4) | R4: =IF('Лист 01'!AI4="","",'Лист 01'!AI4) | S4: =IF('Лист 01'!AK4="","",'Лист 01'!AK4) | T4: =IF('Лист 01'!AM4="","",'Лист 01'!AM4) | U4: =IF('Лист 01'!AO4="","",'Лист 01'!AO4) | V4: Стр.
A7: Приложение № 2 к Листу 02 (продолжение)
B8: Признак налогоплательщика (код)
B10: Номер документа | M10: /
B12: Показатели | W12: Код строки | AA12: Сумма в рублях
B13: 1 | W13: 2 | AA13: 3
A15: Расходы, связанные с приобретением и реализацией (выбытием, погашением) ценных бумаг профессиональными участниками рынка ценных бумаг | X15: 070
A18: сумма отклонения от максимальной (расчетной) цены | X18: 071
A20: Расходы, связанные с приобретением и реализацией (выбытием, погашением) ценных бумаг, обращающихся на организованном рынке ценных бумаг | X20: 072
A23: сумма отклонения от максимальной (расчетной) цены | X23: 073
A25: Расходы по операциям, отраженным в приложении № 3 к Листу 02 (стр.350 приложения № 3 к Листу 02) | X25: 080
A28: Суммы убытков прошлых лет по объектам обслуживающих производств и хозяйств, включая объекты жилищно-коммунальной и социально-культурной сферы, учитываемые в уменьшение прибыли текущего отчетного (налогового) периода, полученной по указанным видам деятельности | X28: 090
A31: Сумма убытка от реализации амортизируемого имущества, относящаяся к расходам текущего отчетного (налогового) периода | X31: 100
A34: Сумма надбавки, уплачиваемая покупателем предприятия как имущественного комплекса, относящаяся к расходам текущего отчетного (налогового) периода | X34: 120
A37: Итого признанных расходов (сумма строк 010, 020, 040, 059-070, 072, 080-120) | X37: 130
A39: Сумма амортизации за отчетный (налоговый) период, начисленная:
A40: линейным методом | X40: 131
A42: в том числе по нематериальным активам | X42: 132
A44: нелинейным методом | X44: 133
A46: в том числе по нематериальным активам | X46: 134
AA47: 1 - линейный 2 - нелинейный
A48: Метод начисления амортизации, отраженный в учетной политике (код) | X48: 135
A50: Внереализационные расходы - всего | X50: 200
A51: в том числе:
A52: расходы в виде процентов по долговым обязательствам любого вида, в том числе по ценным бумагам, эмитированным налогоплательщиком | X52: 201
A54: из них: сумма процентов по задолженности, признаваемой контролируемой
X55: 202
A57: расходы на ликвидацию выводимых из эксплуатации основных средств, на списание нематериальных активов, на ликвидацию объектов незавершенного строительства и иного имущества, охрану недр и другие аналогичные работы | X57: 204
A60: штрафы, пени и (или) иные санкции за нарушение договорных или долговых обязательств, суммы возмещения причиненного ущерба | X60: 205
A63: расходы профессиональных участников рынка ценных бумаг, включая банки, по операциям с производными финансовыми инструментами, не обращающимися на организованном рынке | X63: 206
A66: расходы в виде части убытка от участия в инвестиционном товариществе | X66: 207
A68: расходы в виде отрицательной курсовой разницы (подпункт 5 пункта 1 статьи 265 Кодекса) | X68: 208

Sheet Прил. 2 к Листу 02 (окончание)
A1: . | J1: ИНН | M1: =IF('Лист 01'!Y1="","",'Лист 01'!Y1) | N1: =IF('Лист 01'!AA1="","",'Лист 01'!AA1) | O1: =IF('Лист 01'!AC1="","",'Лист 01'!AC1) | P1: =IF('Лист 01'!AE1="","",'Лист 01'!AE1) | Q1: =IF('Лист 01'!AG1="","",'Лист 01'!AG1) | R1: =IF('Лист 01'!AI1="","",'Лист 01'!AI1) | S1: =IF('Лист 01'!AK1="","",'Лист 01'!AK1) | T1: =IF('Лист 01'!AM1="","",'Лист 01'!AM1) | U1: =IF('Лист 01'!AO1="","",'Лист 01'!AO1) | V1: =IF('Лист 01'!AQ1="","",'Лист 01'!AQ1)
J4: КПП | M4: =IF('Лист 01'!Y4="","",'Лист 01'!Y4) | N4: =IF('Лист 01'!AA4="","",'Лист 01'!AA4) | O4: =IF('Лист 01'!AC4="","",'Лист 01'!AC4) | P4: =IF('Лист 01'!AE4="","",'Лист 01'!AE4) | Q4: =IF('Лист 01'!AG4="","",'Лист 01'!AG4) | R4: =IF('Лист 01'!AI4="","",'Лист 01'!AI4) | S4: =IF('Лист 01'!AK4="","",'Лист 01'!AK4) | T4: =IF('Лист 01'!AM4="","",'Лист 01'!AM4) | U4: =IF('Лист 01'!AO4="","",'Лист 01'!AO4) | V4: Стр.
A7: Приложение № 2 к Листу 02 (продолжение)
B8: Признак налогоплательщика (код)
B10: Номер документа | M10: /
B12: Показатели | W12: Код строки | AA12: Сумма в рублях
B13: 1 | W13: 2 | AA13: 3
A15: Убытки, приравниваемые к внереализационным расходам - всего | X15: 300
A17: в том числе:
A19: убытки прошлых налоговых периодов, выявленные в текущем отчетном (налоговом) периоде | X19: 301
A22: суммы безнадежных долгов, а в случае, если налогоплательщик принял решение о создании резерва по сомнительным долгам, суммы безнадежных долгов, не покрытые за счет резерва | X22: 302
A25: Корректировка налоговой базы по выявленным ошибкам (искажениям), относящимся к прошлым налоговым периодам, приведшим к излишней уплате налога - всего | X25: 400
A28: в том числе:
B30: за | G30: год | X30: 401
B32: за | G32: год | X32: 402
B34: за | G34: год | X34: 403

Sheet Прил.3 к Листу 02
A1: . | J1: ИНН | M1: =IF('Лист 01'!Y1="","",'Лист 01'!Y1) | N1: =IF('Лист 01'!AA1="","",'Лист 01'!AA1) | O1: =IF('Лист 01'!AC1="","",'Лист 01'!AC1) | P1: =IF('Лист 01'!AE1="","",'Лист 01'!AE1) | Q1: =IF('Лист 01'!AG1="","",'Лист 01'!AG1) | R1: =IF('Лист 01'!AI1="","",'Лист 01'!AI1) | S1: =IF('Лист 01'!AK1="","",'Лист 01'!AK1) | T1: =IF('Лист 01'!AM1="","",'Лист 01'!AM1) | U1: =IF('Лист 01'!AO1="","",'Лист 01'!AO1) | V1: =IF('Лист 01'!AQ1="","",'Лист 01'!AQ1)
J4: КПП | M4: =IF('Лист 01'!Y4="","",'Лист 01'!Y4) | N4: =IF('Лист 01'!AA4="","",'Лист 01'!AA4) | O4: =IF('Лист 01'!AC4="","",'Лист 01'!AC4) | P4: =IF('Лист 01'!AE4="","",'Лист 01'!AE4) | Q4: =IF('Лист 01'!AG4="","",'Лист 01'!AG4) | R4: =IF('Лист 01'!AI4="","",'Лист 01'!AI4) | S4: =IF('Лист 01'!AK4="","",'Лист 01'!AK4) | T4: =IF('Лист 01'!AM4="","",'Лист 01'!AM4) | U4: =IF('Лист 01'!AO4="","",'Лист 01'!AO4) | V4: Стр.
A7: Приложение № 3 к Листу 02
A9: Расходы по операциям, особенности учета которых установлены статьями 268, 275.1, 276, 279, 323 Кодекса
B11: Признак налогоплательщика (код)
B13: Номер документа | M13: /
B15: Показатели | W15: Код строки | AA15: Сумма в рублях
B16: 1 | W16: 2 | AA16: 3
A17: Количество реализованных объектов амортизируемого имущества - всего (единиц) | X17: 010
A19: в том числе объектов, реализованных с убытком (единиц) | X19: 020
A21: Выручка от реализации амортизируемого имущества | X21: 030
A23: Остаточная стоимость реализованного амортизируемого имущества и расходы, связанные с его реализацией | X23: 040
A26: Прибыль от реализации амортизируемого имущества (без учета объектов, реализованных с убытком) | X26: 050
A29: Убытки от реализации амортизируемого имущества (без учета объектов, реализованных с прибылью) | X29: 060
A32: Выручка от реализации права требования долга до наступления срока платежа (пункт 1 статьи 279 Кодекса) | X32: 100
A35: Стоимость реализованного права требования долга до наступления срока платежа | X35: 120
A37: Убыток от реализации права требования долга в соответствии с пунктом 1 статьи 279 Кодекса:
A39: размер убытка, соответствующий сумме процентов, исчисленных в соответствии со статьей 269 Кодекса | X39: 140
A42: размер убытка, превышающий сумму процентов, исчисленных в соответствии со статьей 269 Кодекса | X42: 150

Sheet Прил. 3 к Листу 02 (продолжен.)
A1: . | J1: ИНН | M1: =IF('Лист 01'!Y1="","",'Лист 01'!Y1) | N1: =IF('Лист 01'!AA1="","",'Лист 01'!AA1) | O1: =IF('Лист 01'!AC1="","",'Лист 01'!AC1) | P1: =IF('Лист 01'!AE1="","",'Лист 01'!AE1) | Q1: =IF('Лист 01'!AG1="","",'Лист 01'!AG1) | R1: =IF('Лист 01'!AI1="","",'Лист 01'!AI1) | S1: =IF('Лист 01'!AK1="","",'Лист 01'!AK1) | T1: =IF('Лист 01'!AM1="","",'Лист 01'!AM1) | U1: =IF('Лист 01'!AO1="","",'Лист 01'!AO1) | V1: =IF('Лист 01'!AQ1="","",'Лист 01'!AQ1)
J4: КПП | M4: =IF('Лист 01'!Y4="","",'Лист 01'!Y4) | N4: =IF('Лист 01'!AA4="","",'Лист 01'!AA4) | O4: =IF('Лист 01'!AC4="","",'Лист 01'!AC4) | P4: =IF('Лист 01'!AE4="","",'Лист 01'!AE4) | Q4: =IF('Лист 01'!AG4="","",'Лист 01'!AG4) | R4: =IF('Лист 01'!AI4="","",'Лист 01'!AI4) | S4: =IF('Лист 01'!AK4="","",'Лист 01'!AK4) | T4: =IF('Лист 01'!AM4="","",'Лист 01'!AM4) | U4: =IF('Лист 01'!AO4="","",'Лист 01'!AO4) | V4: Стр.
A7: Приложение № 3 к Листу 02 (продолжение)
B9: Признак налогоплательщика (код)
B11: Номер документа | M11: /
B13: Показатели | W13: Код строки | AA13: Сумма в рублях
B14: 1 | W14: 2 | AA14: 3
A15: Выручка от реализации товаров (работ, услуг), имущественных прав по объектам обслуживающих производств и хозяйств, включая объекты жилищно-коммунальной и социально-культурной сферы | X15: 180
A18: Расходы, понесенные обслуживающими производствами и хозяйствами при реализации ими товаров (работ, услуг), имущественных прав в текущем отчетном (налоговом) периоде | X18: 190
A21: Сумма убытков текущего отчетного (налогового) периода по объектам обслуживающих производств и хозяйств, включая объекты жилищно-коммунальной и социально-культурной сферы | X21: 200
A24: в том числе убытки, не учитываемые для целей налогообложения в текущем отчетном (налоговом) периоде | X24: 201
A27: Доходы учредителя доверительного управления (доходы выгодоприобретателя), полученные в рамках договора доверительного управления имуществом | X27: 210
A30: в том числе внереализационные доходы | X30: 211
A32: Расходы учредителя доверительного управления (выгодоприобретателя), связанные с осуществлением договора доверительного управления имуществом | X32: 220
A35: в том числе внереализационные расходы | X35: 221
A37: Убытки, полученные в отчетном (налоговом) периоде в рамках договора доверительного управления имуществом | X37: 230
A40: Цена реализации права на земельный участок | X40: 240
A42: Сумма не возмещенных налогоплательщику затрат, связанных с приобретением права на земельный участок | X42: 250
A45: Убыток от реализации права на земельный участок | X45: 260
... A53: Убытки по операциям, отраженным в приложении № 3 к Листу 02 (сумма строк 060, 150, 201, 230, 260 приложения № 3 к Листу 02) | X53: 360

Sheet Прил.4 к Листу 02
A1: . | J1: ИНН | M1: =IF('Лист 01'!Y1="","",'Лист 01'!Y1) | N1: =IF('Лист 01'!AA1="","",'Лист 01'!AA1) | O1: =IF('Лист 01'!AC1="","",'Лист 01'!AC1) | P1: =IF('Лист 01'!AE1="","",'Лист 01'!AE1) | Q1: =IF('Лист 01'!AG1="","",'Лист 01'!AG1) | R1: =IF('Лист 01'!AI1="","",'Лист 01'!AI1) | S1: =IF('Лист 01'!AK1="","",'Лист 01'!AK1) | T1: =IF('Лист 01'!AM1="","",'Лист 01'!AM1) | U1: =IF('Лист 01'!AO1="","",'Лист 01'!AO1) | V1: =IF('Лист 01'!AQ1="","",'Лист 01'!AQ1)
J4: КПП | M4: =IF('Лист 01'!Y4="","",'Лист 01'!Y4) | N4: =IF('Лист 01'!AA4="","",'Лист 01'!AA4) | O4: =IF('Лист 01'!AC4="","",'Лист 01'!AC4) | P4: =IF('Лист 01'!AE4="","",'Лист 01'!AE4) | Q4: =IF('Лист 01'!AG4="","",'Лист 01'!AG4) | R4: =IF('Лист 01'!AI4="","",'Лист 01'!AI4) | S4: =IF('Лист 01'!AK4="","",'Лист 01'!AK4) | T4: =IF('Лист 01'!AM4="","",'Лист 01'!AM4) | U4: =IF('Лист 01'!AO4="","",'Лист 01'!AO4) | V4: Стр.
A7: Приложение № 4 к Листу 02
A8: Расчет суммы убытка, уменьшающего налоговую базу
A11: Признак налогоплательщика (код) | N11: указывается 01, если организация не относится к указанным ниже
A13: Номер документа | H13: /
A15: 03 - резидент (участник) особой (свободной) экономической зоны 04 - недропользователь новых морских месторождений 05 - операции с необращающимися: ценными бумагами, производными финансовыми инструментами; цифровыми финансовыми активами 06 - резидент территории опережающего развития 07 - участник регионального инвестиционного проекта 08 - участник специального инвестиционного контракта 15 - недропользователь, применяющий налог на дополнительный доход 16 - организация по производству СПГ и переработке углеводородов | U15: 17 - организация, осуществляющая деятельность в области информационных технологий 18 - резидент Арктической зоны Российской Федерации 19 - организация радиоэлектронной промышленности 20 - организация, предоставляющая права использования результатов интеллектуальной деятельности 21 - организация по производству аммиака и водорода 22 - малая технологическая компания
C17: Показатели | V17: Код строки | Z17: Сумма в рублях
C18: 1 | V18: 2 | Z18: 3
A19: Остаток неперенесенного убытка на начало налогового периода - всего | W19: 010
A20: в том числе:
B22: за | H22: год | W22: 040
B24: за | H24: год | W24: 050
B26: за | H26: год | W26: 060
B28: за | H28: год | W28: 070
B30: за | H30: год | W30: 080
B32: за | H32: год | W32: 090
B34: за | H34: год | W34: 100
B36: за | H36: год | W36: 110
B38: за | H38: год | W38: 120
B40: за | H40: год | W40: 130
A42: Остаток неперенесенного убытка по завершенным сделкам по операциям с обращающимися ценными бумагами (в приложении № 4 с кодом 05 - по операциям с необращающимися ценными бумагами и необращающимися производными финансовыми инструментами) на 31.12.2014 | W42: 135
A45: в том числе на начало текущего налогового периода | W45: 136
A47: Налоговая база за отчетный (налоговый) период (стр.100 Листа 02 или стр.060 Листа 05) | W47: 140
A50: Сумма убытка или части убытка, уменьшающего налоговую базу за отчетный (налоговый) период - всего | W50: 150
A53: в том числе из убытка, указанного по строке 135 | W53: 151
A55: Остаток неперенесенного убытка на конец налогового периода - всего | W55: 160
A57: в том числе из убытка, указанного по строке 135 | W57: 161

Sheet Прил.5 к Листу 02
A1: . | J1: ИНН | M1: =IF('Лист 01'!Y1="","",'Лист 01'!Y1) | N1: =IF('Лист 01'!AA1="","",'Лист 01'!AA1) | O1: =IF('Лист 01'!AC1="","",'Лист 01'!AC1) | P1: =IF('Лист 01'!AE1="","",'Лист 01'!AE1) | Q1: =IF('Лист 01'!AG1="","",'Лист 01'!AG1) | R1: =IF('Лист 01'!AI1="","",'Лист 01'!AI1) | S1: =IF('Лист 01'!AK1="","",'Лист 01'!AK1) | T1: =IF('Лист 01'!AM1="","",'Лист 01'!AM1) | U1: =IF('Лист 01'!AO1="","",'Лист 01'!AO1) | V1: =IF('Лист 01'!AQ1="","",'Лист 01'!AQ1)
J4: КПП | M4: =IF('Лист 01'!Y4="","",'Лист 01'!Y4) | N4: =IF('Лист 01'!AA4="","",'Лист 01'!AA4) | O4: =IF('Лист 01'!AC4="","",'Лист 01'!AC4) | P4: =IF('Лист 01'!AE4="","",'Лист 01'!AE4) | Q4: =IF('Лист 01'!AG4="","",'Лист 01'!AG4) | R4: =IF('Лист 01'!AI4="","",'Лист 01'!AI4) | S4: =IF('Лист 01'!AK4="","",'Лист 01'!AK4) | T4: =IF('Лист 01'!AM4="","",'Лист 01'!AM4) | U4: =IF('Лист 01'!AO4="","",'Лист 01'!AO4) | V4: Стр.
A7: Приложение № 5 к Листу 02
A8: Распределение налога в бюджеты субъектов Российской Федерации
A10: Признак налогоплательщика (код) | N10: указывается 01, если организация не относится к указанным ниже
A12: Номер документа | H12: /
A14: 03 - резидент (участник) особой (свободной) экономической зоны 06 - резидент территории опережающего развития 07 - участник регионального инвестиционного проекта 08 - участник специального инвестиционного контракта 15 - недропользователь, применяющий налог на дополнительный доход 16 - организация по производству СПГ и переработке углеводородов | U14: 18 - резидент Арктической зоны Российской Федерации 19 - организация радиоэлектронной промышленности 20 - организация, предоставляющая права использования результатов интеллектуальной деятельности 21 - организация по производству аммиака и водорода 22 - малая технологическая компания
J16: 1 - по организации без входящих в нее обособленных подразделений 2 - по обособленному подразделению 3 - по обособленному подразделению, закрытому в течение текущего налогового периода 4 - по группе обособленных подразделений, находящихся на территории одного субъекта Российской Федерации
A17: Расчет составлен (код)
AI20: 1 - возложена 0 - не возложена
A21: КПП | L21: возложение обязанности по уплате налога на обособленное подразделение
A23: Наименование обособленного подразделения
A29: Показатели | W29: Код строки | AA29: Сумма в рублях
A30: 1 | W30: 2 | AA30: 3
A31: Налоговая база в целом по организации | X31: 030
A33: в том числе без учета закрытых в течение текущего налогового периода обособленных подразделений | X33: 031
A36: Доля налоговой базы (%) | X36: 040 | AC36: .
A38: Налоговая база, исходя из доли | X38: 050
A40: в том числе для исчисления налога по пониженной ставке | X40: 051
A42: Ставка налога в бюджет субъекта Российской Федерации (%) | X42: 060 | AB42: .
A44: Закон субъекта Российской Федерации, которым установлена налоговая ставка | X44: 061 | AD44: / | AI44: / | AN44: /
A48: Сумма налога | X48: 070
A50: Начислено налога в бюджет субъекта Российской Федерации | X50: 080
A52: Сумма налога, выплаченная за пределами Российской Федерации и засчитываемая в уплату налога | X52: 090
A55: Сумма торгового сбора, исчисленная с начала налогового периода | X55: 095
A58: Сумма торгового сбора, на которую уменьшены авансовые платежи в бюджет субъекта Российской Федерации за предыдущий отчетный период | X58: 096
A61: Сумма торгового сбора, на которую уменьшены исчисленные авансовые платежи (налог) в бюджет субъекта Российской Федерации за отчетный (налоговый) период | X61: 097
A64: Сумма налоговых вычетов | X64: 098
A66: Сумма налога к доплате | X66: 100
A68: Сумма налога к уменьшению | X68: 110
A70: Ежемесячные авансовые платежи в квартале, следующем за отчетным периодом | X70: 120
A72: Ежемесячные авансовые платежи на первый квартал следующего налогового периода | X72: 121

Sheet Прил.7 к Листу 02 (Раздел А)
A1: . | J1: ИНН | M1: =IF('Лист 01'!Y1="","",'Лист 01'!Y1) | N1: =IF('Лист 01'!AA1="","",'Лист 01'!AA1) | O1: =IF('Лист 01'!AC1="","",'Лист 01'!AC1) | P1: =IF('Лист 01'!AE1="","",'Лист 01'!AE1) | Q1: =IF('Лист 01'!AG1="","",'Лист 01'!AG1) | R1: =IF('Лист 01'!AI1="","",'Лист 01'!AI1) | S1: =IF('Лист 01'!AK1="","",'Лист 01'!AK1) | T1: =IF('Лист 01'!AM1="","",'Лист 01'!AM1) | U1: =IF('Лист 01'!AO1="","",'Лист 01'!AO1) | V1: =IF('Лист 01'!AQ1="","",'Лист 01'!AQ1)
J4: КПП | M4: =IF('Лист 01'!Y4="","",'Лист 01'!Y4) | N4: =IF('Лист 01'!AA4="","",'Лист 01'!AA4) | O4: =IF('Лист 01'!AC4="","",'Лист 01'!AC4) | P4: =IF('Лист 01'!AE4="","",'Лист 01'!AE4) | Q4: =IF('Лист 01'!AG4="","",'Лист 01'!AG4) | R4: =IF('Лист 01'!AI4="","",'Лист 01'!AI4) | S4: =IF('Лист 01'!AK4="","",'Лист 01'!AK4) | T4: =IF('Лист 01'!AM4="","",'Лист 01'!AM4) | U4: =IF('Лист 01'!AO4="","",'Лист 01'!AO4) | V4: Стр.
AF6: Приложение № 7 к Листу 02
A8: Расчет инвестиционных налоговых вычетов Раздел А. Расчет инвестиционного налогового вычета
J10: 1 - по организации без входящих в неё обособленных подразделений 2 - по обособленному подразделению 3 - по обособленному подразделению, закрытому в течение текущего налогового периода 4 - по группе обособленных подразделений, находящихся на территории одного субъекта Российской Федерации 5 - по организации, не имеющей обособленных подразделений
A11: Расчет составлен (код)
A14: КПП по месту учета организации/месту нахождения обособленного подразделения (ответственного обособленного подразделения)
A17: Закон субъекта Российской Федерации, которым установлено право на налоговый вычет | Q17: . | T17: . | Y17: №
A19: Показатели | W19: Код строки | AA19: Сумма в рублях
A20: 1 | W20: 2 | AA20: 3
A21: Максимальный размер инвестиционного налогового вычета - всего | X21: 010
A22: в том числе:
A23: не более 90% суммы расходов, составляющей первоначальную стоимость основного средства, предусмотренных подпунктом 1 пункта 2 статьи 286.1 Кодекса (код расходов - 01) | X23: 011
A26: не более 90% суммы расходов, составляющей величину изменения первоначальной стоимости основного средства, предусмотренных подпунктом 2 пункта 2 статьи 286.1 Кодекса (код расходов - 02) | X26: 012
A29: расходов в виде пожертвований государственным (муниципальным) учреждениям культуры и (или) некоммерческим организациям (фондам), предусмотренных подпунктом 3 пункта 2 статьи 286.1 Кодекса (код расходов - 03) | X29: 013
A32: не более 85% суммы расходов на создание объектов инфраструктуры, предусмотренных подпунктом 4 пункта 2 статьи 286.1 Кодекса (код расходов - 04) | X32: 014
A35: расходы на создание объектов транспортной и коммунальной инфраструктур (код расходов - 05) | X35: 015
A38: не более 80% суммы расходов на создание объектов социальной инфраструктуры (код расходов - 06) | X38: 016
A41: сумма иных расходов, формирующих инвестиционный налоговый вычет, в соответствии с пунктом 2 статьи 286.1 Кодекса (код расходов - 07) | X41: 017
A44: Остаток инвестиционного налогового вычета, не учтенного при исчислении налога за предыдущие налоговые периоды - всего | X44: 020
A46: в том числе в части:
A47: расходов с кодом | X47: 021
A49: расходов с кодом | X49: 022
A51: расходов с кодом | X51: 023
A53: расходов с кодом | X53: 024
A55: Предельная величина инвестиционного налогового вычета текущего налогового (отчетного) периода (стр.040 Раздела Б или стр.040 Раздела В) | X55: 030
A58: Возможная сумма инвестиционного налогового вычета текущего налогового (отчетного) периода (стр.010 + стр.020), но не более стр.030 | X58: 040
A61: Сумма инвестиционного налогового вычета, учитываемая в текущем налоговом (отчетном) периоде (не выше стр.030) - всего | X61: 050
A63: в том числе в части:
A64: расходов с кодом | X64: 051
A66: расходов с кодом | X66: 052
A68: расходов с кодом | X68: 053
A70: расходов с кодом | X70: 054
A72: Остаток неучтенного инвестиционного налогового вычета на конец налогового периода - всего (стр.010 + стр.020 - стр.050)* | X72: 060
A74: в том числе в части:
A75: расходов с кодом | X75: 061
A77: расходов с кодом | X77: 062
A79: расходов с кодом | X79: 063
A81: расходов с кодом | X81: 064
B83: * Заполняется в налоговой декларации за налоговый период.

Sheet Прил.7 к Листу 02 (Раздел Б)
A1: . | J1: ИНН | M1: =IF('Лист 01'!Y1="","",'Лист 01'!Y1) | N1: =IF('Лист 01'!AA1="","",'Лист 01'!AA1) | O1: =IF('Лист 01'!AC1="","",'Лист 01'!AC1) | P1: =IF('Лист 01'!AE1="","",'Лист 01'!AE1) | Q1: =IF('Лист 01'!AG1="","",'Лист 01'!AG1) | R1: =IF('Лист 01'!AI1="","",'Лист 01'!AI1) | S1: =IF('Лист 01'!AK1="","",'Лист 01'!AK1) | T1: =IF('Лист 01'!AM1="","",'Лист 01'!AM1) | U1: =IF('Лист 01'!AO1="","",'Лист 01'!AO1) | V1: =IF('Лист 01'!AQ1="","",'Лист 01'!AQ1)
J4: КПП | M4: =IF('Лист 01'!Y4="","",'Лист 01'!Y4) | N4: =IF('Лист 01'!AA4="","",'Лист 01'!AA4) | O4: =IF('Лист 01'!AC4="","",'Лист 01'!AC4) | P4: =IF('Лист 01'!AE4="","",'Лист 01'!AE4) | Q4: =IF('Лист 01'!AG4="","",'Лист 01'!AG4) | R4: =IF('Лист 01'!AI4="","",'Лист 01'!AI4) | S4: =IF('Лист 01'!AK4="","",'Лист 01'!AK4) | T4: =IF('Лист 01'!AM4="","",'Лист 01'!AM4) | U4: =IF('Лист 01'!AO4="","",'Лист 01'!AO4) | V4: Стр.
AD7: Приложение № 7 к Листу 02 (продолжение)
A9: Раздел Б. Расчет предельной величины инвестиционного налогового вычета организацией, не имеющей обособленных подразделений
A10: Показатели | W10: Код строки | AA10: Сумма в рублях
A11: 1 | W11: 2 | AA11: 3
A12: Налоговая база для исчисления налога, указанная по строке 120 Листа 02 | X12: 010
A15: Ставка налога, применяемая для расчета предельной величины инвестиционного налогового вычета (5% или иной размер, определенный законом субъекта Российской Федерации) (%) | X15: 020 | AB15: .
A18: Сумма налога в бюджет субъекта Российской Федерации:
A20: исчисленная по строке 200 Листа 02 | X20: 030
A22: исчисленная по ставке, применяемой для расчета предельной величины инвестиционного налогового вычета (стр.010 х стр.020/100) | X22: 031
A25: Предельная величина инвестиционного налогового вычета текущего налогового (отчетного) периода (стр.030 - стр.031) | X25: 040

Sheet Прил.7 к Листу 02 (Раздел В)
A1: . | J1: ИНН | M1: =IF('Лист 01'!Y1="","",'Лист 01'!Y1) | N1: =IF('Лист 01'!AA1="","",'Лист 01'!AA1) | O1: =IF('Лист 01'!AC1="","",'Лист 01'!AC1) | P1: =IF('Лист 01'!AE1="","",'Лист 01'!AE1) | Q1: =IF('Лист 01'!AG1="","",'Лист 01'!AG1) | R1: =IF('Лист 01'!AI1="","",'Лист 01'!AI1) | S1: =IF('Лист 01'!AK1="","",'Лист 01'!AK1) | T1: =IF('Лист 01'!AM1="","",'Лист 01'!AM1) | U1: =IF('Лист 01'!AO1="","",'Лист 01'!AO1) | V1: =IF('Лист 01'!AQ1="","",'Лист 01'!AQ1)
J4: КПП | M4: =IF('Лист 01'!Y4="","",'Лист 01'!Y4) | N4: =IF('Лист 01'!AA4="","",'Лист 01'!AA4) | O4: =IF('Лист 01'!AC4="","",'Лист 01'!AC4) | P4: =IF('Лист 01'!AE4="","",'Лист 01'!AE4) | Q4: =IF('Лист 01'!AG4="","",'Лист 01'!AG4) | R4: =IF('Лист 01'!AI4="","",'Лист 01'!AI4) | S4: =IF('Лист 01'!AK4="","",'Лист 01'!AK4) | T4: =IF('Лист 01'!AM4="","",'Лист 01'!AM4) | U4: =IF('Лист 01'!AO4="","",'Лист 01'!AO4) | V4: Стр.
AD7: Приложение № 7 к Листу 02 (продолжение)
A9: Раздел В. Расчет предельной величины инвестиционного налогового вычета организацией, имеющей обособленные подразделения
J10: 1 - по организации без входящих в неё обособленных подразделений 2 - по обособленному подразделению 3 - по обособленному подразделению, закрытому в течение текущего налогового периода 4 - по группе обособленных подразделений, находящихся на территории одного субъекта Российской Федерации
A11: Расчет составлен (код)
A13: КПП по месту учета организации/по месту нахождения обособленного подразделения (ответственного обособленного подразделения)
A16: Показатели | W16: Код строки | AA16: Сумма в рублях
A17: 1 | W17: 2 | AA17: 3
A18: Налоговая база, исходя из доли, приходящейся на организацию, обособленное подразделение, группу обособленных подразделений (строка 050 приложения № 5 к Листу 02) | X18: 010
A21: Ставка налога, применяемая для расчета предельной величины инвестиционного налогового вычета (5% или иной размер, определенный законом субъекта Российской Федерации) (%) | X21: 020 | AB21: .
A24: Сумма налога в бюджет субъекта Российской Федерации
A26: исчисленная по строке 070 приложения № 5 к Листу 02 | X26: 030
A28: исчисленная по ставке, применяемой для расчета предельной величины инвестиционного налогового вычета (стр.010 х стр.020/100) | X28: 031
A31: Предельная величина инвестиционного налогового вычета текущего налогового (отчетного) периода (стр.030 - стр.031) | X31: 040

Sheet Прил.7 к Листу 02 (Разд.Г с.1)
A1: . | J1: ИНН | M1: =IF('Лист 01'!Y1="","",'Лист 01'!Y1) | N1: =IF('Лист 01'!AA1="","",'Лист 01'!AA1) | O1: =IF('Лист 01'!AC1="","",'Лист 01'!AC1) | P1: =IF('Лист 01'!AE1="","",'Лист 01'!AE1) | Q1: =IF('Лист 01'!AG1="","",'Лист 01'!AG1) | R1: =IF('Лист 01'!AI1="","",'Лист 01'!AI1) | S1: =IF('Лист 01'!AK1="","",'Лист 01'!AK1) | T1: =IF('Лист 01'!AM1="","",'Лист 01'!AM1) | U1: =IF('Лист 01'!AO1="","",'Лист 01'!AO1) | V1: =IF('Лист 01'!AQ1="","",'Лист 01'!AQ1)
J4: КПП | M4: =IF('Лист 01'!Y4="","",'Лист 01'!Y4) | N4: =IF('Лист 01'!AA4="","",'Лист 01'!AA4) | O4: =IF('Лист 01'!AC4="","",'Лист 01'!AC4) | P4: =IF('Лист 01'!AE4="","",'Лист 01'!AE4) | Q4: =IF('Лист 01'!AG4="","",'Лист 01'!AG4) | R4: =IF('Лист 01'!AI4="","",'Лист 01'!AI4) | S4: =IF('Лист 01'!AK4="","",'Лист 01'!AK4) | T4: =IF('Лист 01'!AM4="","",'Лист 01'!AM4) | U4: =IF('Лист 01'!AO4="","",'Лист 01'!AO4) | V4: Стр.
AD7: Приложение № 7 к Листу 02 (продолжение)
A9: Раздел Г. Расчет уменьшения суммы налога в федеральный бюджет
J10: 1 - по организации без входящих в неё обособленных подразделений 2 - по обособленному подразделению 3 - по обособленному подразделению, закрытому в течение текущего налогового периода 4 - по группе обособленных подразделений, находящихся на территории одного субъекта Российской Федерации 5 - по организации, не имеющей обособленных подразделений
A11: Расчет составлен (код)
A13: КПП по месту учета организации/месту нахождения обособленного подразделения (ответственного обособленного подразделения)
A16: Показатели | W16: Код строки | AA16: Сумма в рублях
A17: 1 | W17: 2 | AA17: 3
A18: Сумма исчисленного налога в федеральный бюджет, отраженная по строке 190 Листа 02 | X18: 010
A21: Расчетная сумма налога в федеральный бюджет, приходящаяся на соответствующее обособленное подразделение (ответственное обособленное подразделение), организацию, расположенные на территории субъекта Российской Федерации (сумма строк 050 приложений № 5 к Листу 02 x 3/100) | X21: 011
A23: Расходы, учитываемые при расчете уменьшения налога в федеральный бюджет - всего | X23: 020
A25: в том числе:
A26: 10% суммы расходов на приобретение, сооружение, изготовление основного средства, доставку и доведение до состояния, в котором оно пригодно для использования, указанных в абзаце втором пункта 1 статьи 257 Кодекса (код расходов 01) | X26: 021
A29: 10% суммы расходов по достройке, дооборудованию, реконструкции, модернизации, техническому перевооружению основных средств, указанных в пункте 2 статьи 257 Кодекса (за исключением частичной ликвидации) (код расходов 02) | X29: 022
A32: 15% суммы расходов на создание объектов инфраструктуры, указанных в подпункте 4 пункта 2 статьи 286.1 Кодекса (код расходов 04) | X32: 023
A35: сумма иных расходов, формирующих инвестиционный налоговый вычет, в соответствии с пунктом 2 статьи 286.1 Кодекса (код расходов - 07) | X35: 024
A38: Остаток суммы уменьшения налога, подлежащей зачислению в федеральный бюджет, не учтенной при исчислении налога за предыдущие налоговые периоды - всего | X38: 026
A40: в том числе в части:
A41: расходов с кодом | X41: 028
A43: расходов с кодом | X43: 028
A45: расходов с кодом | X45: 028
A47: расходов с кодом | X47: 028
A49: расходов с кодом | X49: 028
A51: расходов с кодом | X51: 028
A53: расходов с кодом | X53: 028

Sheet Прил.7 к Листу 02 (Разд.Г с.2)
A1: . | J1: ИНН | M1: =IF('Лист 01'!Y1="","",'Лист 01'!Y1) | N1: =IF('Лист 01'!AA1="","",'Лист 01'!AA1) | O1: =IF('Лист 01'!AC1="","",'Лист 01'!AC1) | P1: =IF('Лист 01'!AE1="","",'Лист 01'!AE1) | Q1: =IF('Лист 01'!AG1="","",'Лист 01'!AG1) | R1: =IF('Лист 01'!AI1="","",'Лист 01'!AI1) | S1: =IF('Лист 01'!AK1="","",'Лист 01'!AK1) | T1: =IF('Лист 01'!AM1="","",'Лист 01'!AM1) | U1: =IF('Лист 01'!AO1="","",'Лист 01'!AO1) | V1: =IF('Лист 01'!AQ1="","",'Лист 01'!AQ1)
J4: КПП | M4: =IF('Лист 01'!Y4="","",'Лист 01'!Y4) | N4: =IF('Лист 01'!AA4="","",'Лист 01'!AA4) | O4: =IF('Лист 01'!AC4="","",'Лист 01'!AC4) | P4: =IF('Лист 01'!AE4="","",'Лист 01'!AE4) | Q4: =IF('Лист 01'!AG4="","",'Лист 01'!AG4) | R4: =IF('Лист 01'!AI4="","",'Лист 01'!AI4) | S4: =IF('Лист 01'!AK4="","",'Лист 01'!AK4) | T4: =IF('Лист 01'!AM4="","",'Лист 01'!AM4) | U4: =IF('Лист 01'!AO4="","",'Лист 01'!AO4) | V4: Стр.
AD7: Приложение № 7 к Листу 02 (продолжение Раздела Г)
A9: Показатели | W9: Код строки | AA9: Сумма в рублях
A10: 1 | W10: 2 | AA10: 3
A11: Сумма расходов, указанных по строкам 021, 022 и 024, на которую могут быть уменьшены платежи в федеральный бюджет организацией, не имеющей обособленных подразделений (стр.021 + стр.022 + стр.024 + Σстр.028, но не более показателя по стр.010) | X11: 030
A13: Сумма расходов, указанных по строкам 021, 022 и 024, на которую могут быть уменьшены платежи в федеральный бюджет организацией, имеющей обособленные подразделения (стр.021 + стр.022 + стр.024 + Σстр.028, но не более показателя по стр.011) | X13: 031
A15: Сумма расходов, указанная по строке 023, на которую могут быть уменьшены платежи в федеральный бюджет (стр.023, но не более показателя по стр.010) | X15: 040
A18: Сумма расходов, на которую уменьшены платежи текущего налогового (отчетного) периода в федеральный бюджет - всего (не выше суммы показателей по стр.030, 031, 040 и не выше показателя по стр.010)
X19: 050
A21: в том числе из указанных:
A22: по строке 021 + стр.028 с кодом расходов 01 | X22: 051
A24: по строке 022 + стр.028 с кодом расходов 02 | X24: 052
A26: по строке 023 | X26: 053
A28: по строке 024 + стр.028 с кодом расходов 07 | X28: 054
A30: Остаток неучтенного инвестиционного налогового вычета на конец налогового периода - всего (стр.020 + стр.026 - стр.050) | X30: 060
A32: в том числе в части:
A33: расходов с кодом | X33: 062
A35: расходов с кодом | X35: 062
A37: расходов с кодом | X37: 062
A39: расходов с кодом | X39: 062
A41: расходов с кодом | X41: 062
A43: расходов с кодом | X43: 062
A45: расходов с кодом | X45: 062

Sheet Прил.7 к Листу 02 (Разд.Д)
A1: . | J1: ИНН | M1: =IF('Лист 01'!Y1="","",'Лист 01'!Y1) | N1: =IF('Лист 01'!AA1="","",'Лист 01'!AA1) | O1: =IF('Лист 01'!AC1="","",'Лист 01'!AC1) | P1: =IF('Лист 01'!AE1="","",'Лист 01'!AE1) | Q1: =IF('Лист 01'!AG1="","",'Лист 01'!AG1) | R1: =IF('Лист 01'!AI1="","",'Лист 01'!AI1) | S1: =IF('Лист 01'!AK1="","",'Лист 01'!AK1) | T1: =IF('Лист 01'!AM1="","",'Лист 01'!AM1) | U1: =IF('Лист 01'!AO1="","",'Лист 01'!AO1) | V1: =IF('Лист 01'!AQ1="","",'Лист 01'!AQ1)
J4: КПП | M4: =IF('Лист 01'!Y4="","",'Лист 01'!Y4) | N4: =IF('Лист 01'!AA4="","",'Лист 01'!AA4) | O4: =IF('Лист 01'!AC4="","",'Лист 01'!AC4) | P4: =IF('Лист 01'!AE4="","",'Лист 01'!AE4) | Q4: =IF('Лист 01'!AG4="","",'Лист 01'!AG4) | R4: =IF('Лист 01'!AI4="","",'Лист 01'!AI4) | S4: =IF('Лист 01'!AK4="","",'Лист 01'!AK4) | T4: =IF('Лист 01'!AM4="","",'Лист 01'!AM4) | U4: =IF('Лист 01'!AO4="","",'Лист 01'!AO4) | V4: Стр.
AD7: Приложение № 7 к Листу 02 (продолжение)
A9: Раздел Д. Расчет федерального инвестиционного налогового вычета
I10: 1 - организацией, осуществившей расходы 2 - организацией, входящей в одну группу с налогоплательщиком, осуществившим расходы
A11: Расчет составлен (код)
A13: ИНН организации, осуществившей расходы
A15: Показатели | W15: Код строки | AA15: Сумма в рублях
A16: 1 | W16: 2 | AA16: 3
A17: Сумма неиспользованного федерального инвестиционного налогового вычета (далее - ФИНВ) на начало отчетного (налогового) периода - всего | X17: 100
A20: в том числе:
B22: за | G22: год | X22: 101
B24: за | G24: год | X24: 102
B26: за | G26: год | X26: 103
B28: за | G28: год | X28: 104
B30: за | G30: год | X30: 105
A32: Сумма налога, исчисленная в федеральный бюджет (стр.190 Листа 02) | X32: 120
A34: Сумма расходов, формирующих ФИНВ отчетного (налогового) периода - всего | X34: 130
A36: в том числе составляющих:
A38: первоначальную стоимость объектов основных средств | X38: 135
A40: изменение величины первоначальной стоимости объектов основных средств | X40: 145
A42: первоначальную стоимость нематериальных активов | X42: 155
A44: изменение величины первоначальной стоимости нематериальных активов | X44: 165
A46: Предельная величина ФИНВ отчетного (налогового) периода (стр.100 + стр.130, но не более стр.120 Листа 02 * 8% - стр.250 Листа 02 - стр.120 Листа 02 * 3%) | X46: 170
A50: Остаток неиспользованного ФИНВ на конец налогового периода - всего (стр.100 + стр.130 - стр.170) | X50: 200
A53: в том числе:
B55: за | G55: год | X55: 201
B57: за | G57: год | X57: 202
B59: за | G59: год | X59: 203
B61: за | G61: год | X61: 204
B63: за | G63: год | X63: 205

Sheet Лист 03 раздел А
A1: . | J1: ИНН | M1: =IF('Лист 01'!Y1="","",'Лист 01'!Y1) | N1: =IF('Лист 01'!AA1="","",'Лист 01'!AA1) | O1: =IF('Лист 01'!AC1="","",'Лист 01'!AC1) | P1: =IF('Лист 01'!AE1="","",'Лист 01'!AE1) | Q1: =IF('Лист 01'!AG1="","",'Лист 01'!AG1) | R1: =IF('Лист 01'!AI1="","",'Лист 01'!AI1) | S1: =IF('Лист 01'!AK1="","",'Лист 01'!AK1) | T1: =IF('Лист 01'!AM1="","",'Лист 01'!AM1) | U1: =IF('Лист 01'!AO1="","",'Лист 01'!AO1) | V1: =IF('Лист 01'!AQ1="","",'Лист 01'!AQ1)
J4: КПП | M4: =IF('Лист 01'!Y4="","",'Лист 01'!Y4) | N4: =IF('Лист 01'!AA4="","",'Лист 01'!AA4) | O4: =IF('Лист 01'!AC4="","",'Лист 01'!AC4) | P4: =IF('Лист 01'!AE4="","",'Лист 01'!AE4) | Q4: =IF('Лист 01'!AG4="","",'Лист 01'!AG4) | R4: =IF('Лист 01'!AI4="","",'Лист 01'!AI4) | S4: =IF('Лист 01'!AK4="","",'Лист 01'!AK4) | T4: =IF('Лист 01'!AM4="","",'Лист 01'!AM4) | U4: =IF('Лист 01'!AO4="","",'Лист 01'!AO4) | V4: Стр.
A7: Лист 03
A8: Расчет налога, удерживаемого налоговым агентом (источником выплаты дохода) Раздел А. Расчет налога с доходов в виде дивидендов
O9: 1 - организация - эмитент ценных бумаг (организация, распределяющая прибыль) 2 - организация, выплачивающая доход по ценным бумагам, эмитентом которых не является
A10: Категория налогового агента
A13: Вид дохода (код) | N13: 2 | O13: 0
A15: ИНН организации - эмитента ценных бумаг | X15: организации, имеющие код категории налогового агента "1", данную строку не заполняют
A18: Вид дивидендов | H18: 1 - промежуточные дивиденды 2 - по результатам финансового года | S18: Финансовый год | AD18: Период финансового года (код)
A20: Показатели | W20: Код строки | AA20: Сумма в рублях
A21: 1 | W21: 2 | AA21: 3
A22: Общая сумма дивидендов, подлежащая распределению российской организацией в пользу всех получателей (Д1) | X22: 001
A25: Сумма дивидендов, подлежащих выплате акционерам (участникам) в текущем налоговом периоде - всего | X25: 010
A28: в том числе:
A30: дивиденды, начисленные получателям дохода - российским организациям | X30: 020
A32: в том числе:
A34: дивиденды, облагаемые налогом по ставке 0% | X34: 021
A36: дивиденды, облагаемые налогом по ставке 13% | X36: 022
A38: дивиденды, облагаемые налогом по иной ставке | X38: 023
A40: дивиденды, распределяемые в пользу акционеров (участников), не являющихся налогоплательщиками | X40: 024
A43: дивиденды, начисленные получателям дохода - физическим лицам, являющимся налоговыми резидентами Российской Федерации | X43: 030
A46: Дивиденды, начисленные получателям дохода - международным холдинговым компаниям | X46: 035
A49: в том числе:
A51: дивиденды, облагаемые налогом по ставке 0% | X51: 036
A53: дивиденды, облагаемые налогом по ставке 5% | X53: 037
A55: дивиденды, облагаемые налогом по иной ставке | X55: 038
A57: дивиденды, начисленные получателям дохода - иностранным организациям | X57: 040
A58: из них:
A59: фактическими получателями дохода являются российские организации | X59: 041
A61: дивиденды, начисленные получателям дохода - физическим лицам, не являющимся налоговыми резидентами Российской Федерации | X61: 050
A64: из строк (040-041), 050 - дивиденды, облагаемые в соответствии с международными договорами:
A66: по ставке 0% | X66: 051
A68: по ставке до 5% включительно | X68: 052
A70: по ставке свыше 5% до 10% включительно | X70: 053
A72: по ставке свыше 10% | X72: 054

Sheet Лист 03 раздел А (продолжение)
A1: . | J1: ИНН | M1: =IF('Лист 01'!Y1="","",'Лист 01'!Y1) | N1: =IF('Лист 01'!AA1="","",'Лист 01'!AA1) | O1: =IF('Лист 01'!AC1="","",'Лист 01'!AC1) | P1: =IF('Лист 01'!AE1="","",'Лист 01'!AE1) | Q1: =IF('Лист 01'!AG1="","",'Лист 01'!AG1) | R1: =IF('Лист 01'!AI1="","",'Лист 01'!AI1) | S1: =IF('Лист 01'!AK1="","",'Лист 01'!AK1) | T1: =IF('Лист 01'!AM1="","",'Лист 01'!AM1) | U1: =IF('Лист 01'!AO1="","",'Лист 01'!AO1) | V1: =IF('Лист 01'!AQ1="","",'Лист 01'!AQ1)
J4: КПП | M4: =IF('Лист 01'!Y4="","",'Лист 01'!Y4) | N4: =IF('Лист 01'!AA4="","",'Лист 01'!AA4) | O4: =IF('Лист 01'!AC4="","",'Лист 01'!AC4) | P4: =IF('Лист 01'!AE4="","",'Лист 01'!AE4) | Q4: =IF('Лист 01'!AG4="","",'Лист 01'!AG4) | R4: =IF('Лист 01'!AI4="","",'Лист 01'!AI4) | S4: =IF('Лист 01'!AK4="","",'Лист 01'!AK4) | T4: =IF('Лист 01'!AM4="","",'Лист 01'!AM4) | U4: =IF('Лист 01'!AO4="","",'Лист 01'!AO4) | V4: Стр.
A7: Лист 03 (продолжение Раздела А)
A9: Показатели | W9: Код строки | AA9: Сумма в рублях
A10: 1 | W10: 2 | AA10: 3
A12: Дивиденды, перечисленные лицам, не являющимся получателями дохода | X12: 070
A14: Дивиденды, полученные самим налоговым агентом в предыдущих и в текущем налоговых периодах до распределения дивидендов между акционерами (участниками) | X14: 080
A16: в том числе без учета полученных дивидендов, налог с которых исчислен по ставке 0% и по иным основаниям, указанным в абзаце седьмом пункта 5 статьи 275 Кодекса | X16: 081
A18: Сумма дивидендов, распределяемая в пользу всех получателей, уменьшенная на показатель строки 081 (Д1 - Д2) | X18: 090
A20: Сумма дивидендов, используемая для исчисления налогов:
A21: по российским организациям (по налоговой ставке 13%) | X21: 091
A23: по российским организациям (по налоговой ставке 0%) | X23: 092
A25: по российским организациям (по иным налоговым ставкам) | X25: 093
A27: по международным холдинговым компаниям (по налоговой ставке 0%) | X27: 094
A29: по международным холдинговым компаниям (по иным налоговым ставкам) | X29: 095
A31: Исчисленная сумма налога, подлежащая уплате в бюджет | X31: 100
A33: Сумма налога, начисленная с дивидендов, выплаченных в предыдущие отчетные (налоговые) периоды | X33: 110
A35: Сумма налога, начисленная с дивидендов, выплаченных в последнем квартале (месяце) отчетного (налогового) периода | X35: 120

Sheet Лист 03 раздел Б
A1: . | J1: ИНН | M1: =IF('Лист 01'!Y1="","",'Лист 01'!Y1) | N1: =IF('Лист 01'!AA1="","",'Лист 01'!AA1) | O1: =IF('Лист 01'!AC1="","",'Лист 01'!AC1) | P1: =IF('Лист 01'!AE1="","",'Лист 01'!AE1) | Q1: =IF('Лист 01'!AG1="","",'Лист 01'!AG1) | R1: =IF('Лист 01'!AI1="","",'Лист 01'!AI1) | S1: =IF('Лист 01'!AK1="","",'Лист 01'!AK1) | T1: =IF('Лист 01'!AM1="","",'Лист 01'!AM1) | U1: =IF('Лист 01'!AO1="","",'Лист 01'!AO1) | V1: =IF('Лист 01'!AQ1="","",'Лист 01'!AQ1)
J4: КПП | M4: =IF('Лист 01'!Y4="","",'Лист 01'!Y4) | N4: =IF('Лист 01'!AA4="","",'Лист 01'!AA4) | O4: =IF('Лист 01'!AC4="","",'Лист 01'!AC4) | P4: =IF('Лист 01'!AE4="","",'Лист 01'!AE4) | Q4: =IF('Лист 01'!AG4="","",'Лист 01'!AG4) | R4: =IF('Лист 01'!AI4="","",'Лист 01'!AI4) | S4: =IF('Лист 01'!AK4="","",'Лист 01'!AK4) | T4: =IF('Лист 01'!AM4="","",'Лист 01'!AM4) | U4: =IF('Лист 01'!AO4="","",'Лист 01'!AO4) | V4: Стр.
A7: Лист 03 (продолжение)
B9: Раздел Б. Расчет налога с доходов в виде процентов по государственным и муниципальным ценным бумагам
A11: Вид дохода (код) | G11: 1 | H11: 7
C13: Показатели | V13: Код строки | Z13: Сумма (руб.)
C14: 1 | V14: 2 | Z14: 3
B15: Налоговая база | W15: 010
B17: Ставка налога (%) | W17: 020
B19: Исчислено налога с доходов | W19: 030
B21: Начислено налога в предыдущие отчетные периоды | W21: 040
B23: Сумма налога, исчисленная с доходов, выплаченных в последнем квартале (месяце) отчетного (налогового) периода | W23: 050

Sheet Лист 03 раздел В
A1: . | J1: ИНН | M1: =IF('Лист 01'!Y1="","",'Лист 01'!Y1) | N1: =IF('Лист 01'!AA1="","",'Лист 01'!AA1) | O1: =IF('Лист 01'!AC1="","",'Лист 01'!AC1) | P1: =IF('Лист 01'!AE1="","",'Лист 01'!AE1) | Q1: =IF('Лист 01'!AG1="","",'Лист 01'!AG1) | R1: =IF('Лист 01'!AI1="","",'Лист 01'!AI1) | S1: =IF('Лист 01'!AK1="","",'Лист 01'!AK1) | T1: =IF('Лист 01'!AM1="","",'Лист 01'!AM1) | U1: =IF('Лист 01'!AO1="","",'Лист 01'!AO1) | V1: =IF('Лист 01'!AQ1="","",'Лист 01'!AQ1)
J4: КПП | M4: =IF('Лист 01'!Y4="","",'Лист 01'!Y4) | N4: =IF('Лист 01'!AA4="","",'Лист 01'!AA4) | O4: =IF('Лист 01'!AC4="","",'Лист 01'!AC4) | P4: =IF('Лист 01'!AE4="","",'Лист 01'!AE4) | Q4: =IF('Лист 01'!AG4="","",'Лист 01'!AG4) | R4: =IF('Лист 01'!AI4="","",'Лист 01'!AI4) | S4: =IF('Лист 01'!AK4="","",'Лист 01'!AK4) | T4: =IF('Лист 01'!AM4="","",'Лист 01'!AM4) | U4: =IF('Лист 01'!AO4="","",'Лист 01'!AO4) | V4: Стр.
A7: Лист 03 (продолжение)
B8: Раздел В. Реестр получателей доходов
A10: Показатели | H10: Код строки | L10: Значения показателей
A11: 1 | H11: 2 | K11: 3 | X11: 4
A12: ИНН получателя | H12: 005 | U12: Тип
A14: Наименование получателя | H14: 010
A25: Дата перечисления доходов | H25: 040 | M25: . | P25: .
A28: Сумма доходов (в рублях) | H28: 050
A31: Сумма налога (в рублях) | H31: 060

Sheet Лист 04
A1: . | J1: ИНН | M1: =IF('Лист 01'!Y1="","",'Лист 01'!Y1) | N1: =IF('Лист 01'!AA1="","",'Лист 01'!AA1) | O1: =IF('Лист 01'!AC1="","",'Лист 01'!AC1) | P1: =IF('Лист 01'!AE1="","",'Лист 01'!AE1) | Q1: =IF('Лист 01'!AG1="","",'Лист 01'!AG1) | R1: =IF('Лист 01'!AI1="","",'Лист 01'!AI1) | S1: =IF('Лист 01'!AK1="","",'Лист 01'!AK1) | T1: =IF('Лист 01'!AM1="","",'Лист 01'!AM1) | U1: =IF('Лист 01'!AO1="","",'Лист 01'!AO1) | V1: =IF('Лист 01'!AQ1="","",'Лист 01'!AQ1)
J4: КПП | M4: =IF('Лист 01'!Y4="","",'Лист 01'!Y4) | N4: =IF('Лист 01'!AA4="","",'Лист 01'!AA4) | O4: =IF('Лист 01'!AC4="","",'Лист 01'!AC4) | P4: =IF('Лист 01'!AE4="","",'Лист 01'!AE4) | Q4: =IF('Лист 01'!AG4="","",'Лист 01'!AG4) | R4: =IF('Лист 01'!AI4="","",'Лист 01'!AI4) | S4: =IF('Лист 01'!AK4="","",'Лист 01'!AK4) | T4: =IF('Лист 01'!AM4="","",'Лист 01'!AM4) | U4: =IF('Лист 01'!AO4="","",'Лист 01'!AO4) | V4: Стр.
A7: Лист 04
A8: Расчет налога, исчисленного по ставкам, отличным от ставок, указанных в пункте 1 статьи 284 Кодекса
A10: Вид дохода (код)
B12: Показатели | W12: Код строки | AA12: Сумма в рублях
B13: 1 | W13: 2 | AA13: 3
A14: Налоговая база | X14: 010
A16: Доходы, уменьшающие налоговую базу | X16: 020
A18: Ставка налога (%) | X18: 030
A20: Исчислено налога с доходов | X20: 040
A22: Сумма налога с выплаченных дивидендов за пределами Российской Федерации, засчитанная в уплату налога в соответствии со статьями 275, 311 Кодекса, в предыдущие отчетные периоды (сумма строк 050 и 060 за предыдущий отчетный период) | X22: 050
A25: Сумма налога с выплаченных дивидендов за пределами Российской Федерации, засчитываемая в уплату налога в соответствии со статьями статьями 275, 311 Кодекса | X25: 060
A28: Начислено налога в предыдущие отчетные периоды (сумма строк 070 и 080 за предыдущий отчетный период) | X28: 070
A31: Сумма налога, исчисленная с доходов, полученных в последнем квартале (месяце) отчетного (налогового) периода (стр.040 - стр.050 - стр.060 - стр.070) | X31: 080

Sheet Лист 05
A1: . | J1: ИНН | M1: =IF('Лист 01'!Y1="","",'Лист 01'!Y1) | N1: =IF('Лист 01'!AA1="","",'Лист 01'!AA1) | O1: =IF('Лист 01'!AC1="","",'Лист 01'!AC1) | P1: =IF('Лист 01'!AE1="","",'Лист 01'!AE1) | Q1: =IF('Лист 01'!AG1="","",'Лист 01'!AG1) | R1: =IF('Лист 01'!AI1="","",'Лист 01'!AI1) | S1: =IF('Лист 01'!AK1="","",'Лист 01'!AK1) | T1: =IF('Лист 01'!AM1="","",'Лист 01'!AM1) | U1: =IF('Лист 01'!AO1="","",'Лист 01'!AO1) | V1: =IF('Лист 01'!AQ1="","",'Лист 01'!AQ1)
J4: КПП | M4: =IF('Лист 01'!Y4="","",'Лист 01'!Y4) | N4: =IF('Лист 01'!AA4="","",'Лист 01'!AA4) | O4: =IF('Лист 01'!AC4="","",'Лист 01'!AC4) | P4: =IF('Лист 01'!AE4="","",'Лист 01'!AE4) | Q4: =IF('Лист 01'!AG4="","",'Лист 01'!AG4) | R4: =IF('Лист 01'!AI4="","",'Лист 01'!AI4) | S4: =IF('Лист 01'!AK4="","",'Лист 01'!AK4) | T4: =IF('Лист 01'!AM4="","",'Лист 01'!AM4) | U4: =IF('Лист 01'!AO4="","",'Лист 01'!AO4) | V4: Стр.
A7: Лист 05
A9: Расчет налоговой базы по операциям, финансовые результаты которых учитываются в особом порядке
A11: Вид операции | G11: 1 - с необращающимися: ценными бумагами, производными финансовыми инструментами; цифровыми финансовыми активами 2 - по операциям с ценными бумагами, обращающимися и не обращающимися на организованном рынке ценных бумаг, полученными первичными владельцами государственных ценных бумаг в результате новации 3 - с финансовыми инструментами срочных сделок, не обращающимися на организованном рынке, заключенным после 01.07.2009, дата завершения которых наступает с 01.01.2010
B13: Показатели | W13: Код строки | AA13: Сумма в рублях
B14: 1 | W14: 2 | AA14: 3
A15: Доходы - всего | X15: 010
A17: в том числе:
A19: от выбытия необращающихся ценных бумаг | X19: 011
A21: сумма отклонения от минимальной (расчетной) цены | X21: 012
A23: от выбытия необращающихся производных финансовых инструментов | X23: 013
A25: сумма отклонения от минимальной (расчетной) цены | X25: 014
A27: в виде части прибыли от участия в инвестиционном товариществе | X27: 015
A29: Расходы, связанные с приобретением и реализацией (выбытием, погашением) - всего | X29: 020
A32: в том числе:
A34: связанные с приобретением и реализацией (выбытием, погашением) необращающихся ценных бумаг | X34: 021
A37: сумма отклонения от максимальной (расчетной) цены | X37: 022
A39: от выбытия необращающихся производных финансовых инструментов | X39: 023
A41: сумма отклонения от максимальной (расчетной) цены | X41: 024
A43: в виде части убытка от участия в инвестиционном товариществе | X43: 025
A45: Итого прибыль (убыток) (стр.010 - стр.020) | X45: 040
A47: Сумма корректировки прибыли (убытка) | X47: 050
A49: Налоговая база без учета убытков, полученных в предыдущих налоговых периодах (стр.040 - стр.050) | X49: 060
A52: Сумма убытка или части убытка, уменьшающая налоговую базу за отчетный (налоговый) период (стр.150 приложения № 4 к Листу 02 с кодом "05" по реквизиту "Признак налогоплательщика (код)") | X52: 080
A55: Налоговая база (стр.060 - стр.080) | X55: 100

Sheet Лист 06
A1: . | J1: ИНН | M1: =IF('Лист 01'!Y1="","",'Лист 01'!Y1) | N1: =IF('Лист 01'!AA1="","",'Лист 01'!AA1) | O1: =IF('Лист 01'!AC1="","",'Лист 01'!AC1) | P1: =IF('Лист 01'!AE1="","",'Лист 01'!AE1) | Q1: =IF('Лист 01'!AG1="","",'Лист 01'!AG1) | R1: =IF('Лист 01'!AI1="","",'Лист 01'!AI1) | S1: =IF('Лист 01'!AK1="","",'Лист 01'!AK1) | T1: =IF('Лист 01'!AM1="","",'Лист 01'!AM1) | U1: =IF('Лист 01'!AO1="","",'Лист 01'!AO1) | V1: =IF('Лист 01'!AQ1="","",'Лист 01'!AQ1)
J4: КПП | M4: =IF('Лист 01'!Y4="","",'Лист 01'!Y4) | N4: =IF('Лист 01'!AA4="","",'Лист 01'!AA4) | O4: =IF('Лист 01'!AC4="","",'Лист 01'!AC4) | P4: =IF('Лист 01'!AE4="","",'Лист 01'!AE4) | Q4: =IF('Лист 01'!AG4="","",'Лист 01'!AG4) | R4: =IF('Лист 01'!AI4="","",'Лист 01'!AI4) | S4: =IF('Лист 01'!AK4="","",'Лист 01'!AK4) | T4: =IF('Лист 01'!AM4="","",'Лист 01'!AM4) | U4: =IF('Лист 01'!AO4="","",'Лист 01'!AO4) | V4: Стр.
A7: Лист 06
A8: Налоговая база негосударственного пенсионного фонда от размещения пенсионных резервов*
B11: Показатели | W11: Код строки | AA11: Сумма в рублях
B12: 1 | W12: 2 | AA12: 3
A13: Доход негосударственного пенсионного фонда | X13: 010
A15: в том числе:
A16: от реализации или иного выбытия ценных бумаг (в том числе погашения), обращающихся на организованном рынке ценных бумаг | X16: 020
A19: сумма отклонения фактической выручки от реализации ценных бумаг, обращающихся на организованном рынке ценных бумаг, от минимальной (расчетной) цены сделок на организованном рынке ценных бумаг | X19: 030
A22: от реализации или иного выбытия необращающихся ценных бумаг (в том числе погашения) | X22: 040
A25: сумма отклонения фактической выручки от реализации необращающихся ценных бумаг от минимальной (расчетной) цены | X25: 050
A28: в виде процентов по государственным и иным ценным бумагам, указанным в подпункте 1 пункта 4 статьи 284 Кодекса | X28: 060
A31: в виде процентов по муниципальным ценным бумагам, по облигациям с ипотечным покрытием и доходам учредителей доверительного управления ипотечным покрытием, указанным в подпункте 2 пункта 4 статьи 284 Кодекса | X31: 070
A34: от долевого участия в других организациях | X34: 080
A36: в виде процентов по государственным и иным ценным бумагам, указанным в подпункте 1 пункта 4 статьи 284 Кодекса, налог по которым удерживается налоговым агентом | X36: 090
A39: в виде процентов по муниципальным ценным бумагам, эмитированным на срок не менее трех лет до 01.01.2007, налог по которым удерживается налоговым агентом | X39: 100
A42: от осуществления других инвестиций (вложений) | X42: 110
A44: Сумма размещенных пенсионных резервов за отчетный период | X44: 120
A46: Доход негосударственного пенсионного фонда, рассчитанный исходя из ставки рефинансирования Банка России и суммы размещенного пенсионного резерва | X46: 130
A49: в том числе:
A50: приходящийся на ценные бумаги, обращающиеся на организованном рынке ценных бумаг | X50: 140
A53: приходящийся на необращающиеся ценные бумаги | X53: 150
A55: в виде процентного дохода по государственным и иным ценным бумагам, указанным в подпункте 1 пункта 4 статьи 284 Кодекса | X55: 160
B71: * Лист 06 представляется только негосударственными пенсионными фондами.

Sheet Лист 06 (продолжение)_1
A1: . | J1: ИНН | M1: =IF('Лист 01'!Y1="","",'Лист 01'!Y1) | N1: =IF('Лист 01'!AA1="","",'Лист 01'!AA1) | O1: =IF('Лист 01'!AC1="","",'Лист 01'!AC1) | P1: =IF('Лист 01'!AE1="","",'Лист 01'!AE1) | Q1: =IF('Лист 01'!AG1="","",'Лист 01'!AG1) | R1: =IF('Лист 01'!AI1="","",'Лист 01'!AI1) | S1: =IF('Лист 01'!AK1="","",'Лист 01'!AK1) | T1: =IF('Лист 01'!AM1="","",'Лист 01'!AM1) | U1: =IF('Лист 01'!AO1="","",'Лист 01'!AO1) | V1: =IF('Лист 01'!AQ1="","",'Лист 01'!AQ1)
J4: КПП | M4: =IF('Лист 01'!Y4="","",'Лист 01'!Y4) | N4: =IF('Лист 01'!AA4="","",'Лист 01'!AA4) | O4: =IF('Лист 01'!AC4="","",'Лист 01'!AC4) | P4: =IF('Лист 01'!AE4="","",'Лист 01'!AE4) | Q4: =IF('Лист 01'!AG4="","",'Лист 01'!AG4) | R4: =IF('Лист 01'!AI4="","",'Лист 01'!AI4) | S4: =IF('Лист 01'!AK4="","",'Лист 01'!AK4) | T4: =IF('Лист 01'!AM4="","",'Лист 01'!AM4) | U4: =IF('Лист 01'!AO4="","",'Лист 01'!AO4) | V4: Стр.
A7: Лист 06 (продолжение)
B8: Показатели | W8: Код строки | AA8: Сумма в рублях
B9: 1 | W9: 2 | AA9: 3
A10: в виде процентов по муниципальным ценным бумагам, по облигациям с ипотечным покрытием и доходам учредителей доверительного управления ипотечным покрытием, указанным в подпункте 2 пункта 4 статьи 284 Кодекса | X10: 170
A13: полученный от других инвестиций (вложений) | X13: 180
A15: Расходы, связанные с размещением пенсионных резервов (сумма строк 200, 210, 220) | X15: 190
A18: в том числе:
A20: приходящиеся на вложения в ценные бумаги, обращающиеся на организованном рынке ценных бумаг | X20: 200
A23: сумма отклонения от максимальной (расчетной) цены сделок на организованном рынке ценных бумаг | X23: 201
A26: приходящиеся на вложения в необращающиеся ценные бумаги | X26: 210
A28: сумма отклонения от максимальной (расчетной) цены сделок на неорганизованном рынке ценных бумаг | X28: 211
A31: приходящиеся на другие инвестиции (вложения) | X31: 220
A33: Процент отчислений на пополнение средств пенсионных резервов от дохода, полученного от размещения средств пенсионных резервов | X33: 230 | AC33: .
A36: Отчисления от дохода от размещения пенсионных резервов (сумма строк 250-320) | X36: 240
A39: в том числе:
A40: направляемые в состав собственных средств фонда | X40: 241
A42: на формирование страхового резерва | X42: 242
A44: из показателей строки 240:
A46: отчисления от размещения пенсионных резервов от вложений в ценные бумаги, обращающиеся на организованном рынке ценных бумаг | X46: 250
A49: отчисления от размещения пенсионных резервов от вложений в необращающиеся ценные бумаги | X49: 260
A52: отчисления от доходов в виде процентов по государственным и иным ценным бумагам, указанным в подпункте 1 пункта 4 статьи 284 Кодекса | X52: 270
A55: отчисления от доходов в виде процентов по муниципальным ценным бумагам, по облигациям с ипотечным покрытием и от доходов учредителей доверительного управления ипотечным покрытием, указанным в подпункте 2 пункта 4 статьи 284 Кодекса | X55: 280
A58: отчисления от доходов, полученных от долевого участия в других организациях | X58: 290
A61: отчисления от доходов в виде процентов по государственным и иным ценным бумагам, указанным в подпункте 1 пункта 4 статьи 284 Кодекса, налог по которым удерживается налоговым агентом | X61: 300
A64: отчисления от доходов в виде процентов по муниципальным ценным бумагам, эмитированным на срок не менее трех лет до 01.01.2007, налог по которым удерживается налоговым агентом | X64: 310
A67: отчисления от осуществления других инвестиций (вложений) | X67: 320

Sheet Лист 06 (продолжение)_2
A1: . | J1: ИНН | M1: =IF('Лист 01'!Y1="","",'Лист 01'!Y1) | N1: =IF('Лист 01'!AA1="","",'Лист 01'!AA1) | O1: =IF('Лист 01'!AC1="","",'Лист 01'!AC1) | P1: =IF('Лист 01'!AE1="","",'Лист 01'!AE1) | Q1: =IF('Лист 01'!AG1="","",'Лист 01'!AG1) | R1: =IF('Лист 01'!AI1="","",'Лист 01'!AI1) | S1: =IF('Лист 01'!AK1="","",'Лист 01'!AK1) | T1: =IF('Лист 01'!AM1="","",'Лист 01'!AM1) | U1: =IF('Лист 01'!AO1="","",'Лист 01'!AO1) | V1: =IF('Лист 01'!AQ1="","",'Лист 01'!AQ1)
J4: КПП | M4: =IF('Лист 01'!Y4="","",'Лист 01'!Y4) | N4: =IF('Лист 01'!AA4="","",'Лист 01'!AA4) | O4: =IF('Лист 01'!AC4="","",'Лист 01'!AC4) | P4: =IF('Лист 01'!AE4="","",'Лист 01'!AE4) | Q4: =IF('Лист 01'!AG4="","",'Лист 01'!AG4) | R4: =IF('Лист 01'!AI4="","",'Лист 01'!AI4) | S4: =IF('Лист 01'!AK4="","",'Лист 01'!AK4) | T4: =IF('Лист 01'!AM4="","",'Лист 01'!AM4) | U4: =IF('Лист 01'!AO4="","",'Лист 01'!AO4) | V4: Стр.
A7: Лист 06 (продолжение)
B8: Показатели | W8: Код строки | AA8: Сумма в рублях
B9: 1 | W9: 2 | AA9: 3
A10: Прибыль (убыток)
A11: Прибыль (убыток) от вложений в ценные бумаги, обращающиеся на организованном рынке ценных бумаг | X11: 330
A13: Суммы, исключаемые из прибыли от вложений в ценные бумаги, обращающиеся на организованном рынке ценных бумаг | X13: 340
A15: Прибыль (убыток) от вложений в необращающиеся ценные бумаги | X15: 350
A17: Суммы, исключаемые из прибыли от вложений в необращающиеся ценные бумаги | X17: 360
A19: Доход в виде процентов по государственным и иным ценным бумагам, указанным в подпункте 1 пункта 4 статьи 284 Кодекса | X19: 370
A21: Доход в виде процентов по муниципальным ценным бумагам, по облигациям с ипотечным покрытием и доход учредителей доверительного управления ипотечным покрытием, указанным в подпункте 2 пункта 4 статьи 284 Кодекса | X21: 380
A23: Прибыль (убыток) от осуществления других инвестиций (вложений) | X23: 390
A25: Суммы, исключаемые из прибыли от осуществления других инвестиций (вложений) | X25: 400
A27: Налоговая база от вложений в необращающиеся ценные бумаги (стр.350 - стр.360) | X27: 450
A29: Остаток неперенесенного убытка по завершенным сделкам по операциям с необращающимися ценными бумагами на 31.12.2014 | X29: 458
A31: в том числе на начало текущего налогового периода | X31: 459
A33: Сумма убытка или части убытка, полученного в предыдущем (предыдущих) налоговом (налоговых) периоде (периодах). Входящее сальдо | X33: 460
... A58: Налоговая база для исчисления налога (стр.450 - стр.470 + стр.490 - стр.510) | X58: 530

Sheet Лист 07
A1: . | S1: ИНН | X1: =IF('Лист 01'!Y1="","",'Лист 01'!Y1) | Z1: =IF('Лист 01'!AA1="","",'Лист 01'!AA1) | AB1: =IF('Лист 01'!AC1="","",'Лист 01'!AC1) | AD1: =IF('Лист 01'!AE1="","",'Лист 01'!AE1) | AF1: =IF('Лист 01'!AG1="","",'Лист 01'!AG1) | AH1: =IF('Лист 01'!AI1="","",'Лист 01'!AI1) | AJ1: =IF('Лист 01'!AK1="","",'Лист 01'!AK1) | AL1: =IF('Лист 01'!AM1="","",'Лист 01'!AM1) | AN1: =IF('Лист 01'!AO1="","",'Лист 01'!AO1) | AP1: =IF('Лист 01'!AQ1="","",'Лист 01'!AQ1)
S4: КПП | X4: =IF('Лист 01'!Y4="","",'Лист 01'!Y4) | Z4: =IF('Лист 01'!AA4="","",'Лист 01'!AA4) | AB4: =IF('Лист 01'!AC4="","",'Лист 01'!AC4) | AD4: =IF('Лист 01'!AE4="","",'Лист 01'!AE4) | AF4: =IF('Лист 01'!AG4="","",'Лист 01'!AG4) | AH4: =IF('Лист 01'!AI4="","",'Лист 01'!AI4) | AJ4: =IF('Лист 01'!AK4="","",'Лист 01'!AK4) | AL4: =IF('Лист 01'!AM4="","",'Лист 01'!AM4) | AN4: =IF('Лист 01'!AO4="","",'Лист 01'!AO4) | AP4: Стр.
A7: Лист 07
A8: Отчет о целевом использовании имущества (денежных средств)
D10: Код вида поступлений | L10: Дата поступления/ Срок использования (до какой даты) | AG10: Стоимость имущества, работ, услуг или сумма денежных средств/ Сумма средств, срок использования которых не истек | BF10: Сумма средств, использованных по назначению в течение установленного срока/ Сумма средств, использованных не по назначению или не использованных в установленный срок
D11: 1 | L11: 2 / 5 | AG11: 3 / 6 | BF11: 4 / 7
A12: 01 | P12: . | V12: .
P14: . | V14: .
A16: 02 | P16: . | V16: .
P18: . | V18: .
A20: 03 | P20: . | V20: .
P22: . | V22: .
A24: 04 | P24: . | V24: .
P26: . | V26: .
A28: 05 | P28: . | V28: .
P30: . | V30: .
A32: 06 | P32: . | V32: .
P34: . | V34: .
A36: 07 | P36: . | V36: .
P38: . | V38: .
A40: 08 | P40: . | V40: .
P42: . | V42: .
A44: 09 | P44: . | V44: .
P46: . | V46: .
R48: Итого по отчету

Sheet Лист 08
A1: . | J1: ИНН | M1: =IF('Лист 01'!Y1="","",'Лист 01'!Y1) | N1: =IF('Лист 01'!AA1="","",'Лист 01'!AA1) | O1: =IF('Лист 01'!AC1="","",'Лист 01'!AC1) | P1: =IF('Лист 01'!AE1="","",'Лист 01'!AE1) | Q1: =IF('Лист 01'!AG1="","",'Лист 01'!AG1) | R1: =IF('Лист 01'!AI1="","",'Лист 01'!AI1) | S1: =IF('Лист 01'!AK1="","",'Лист 01'!AK1) | T1: =IF('Лист 01'!AM1="","",'Лист 01'!AM1) | U1: =IF('Лист 01'!AO1="","",'Лист 01'!AO1) | V1: =IF('Лист 01'!AQ1="","",'Лист 01'!AQ1)
J4: КПП | M4: =IF('Лист 01'!Y4="","",'Лист 01'!Y4) | N4: =IF('Лист 01'!AA4="","",'Лист 01'!AA4) | O4: =IF('Лист 01'!AC4="","",'Лист 01'!AC4) | P4: =IF('Лист 01'!AE4="","",'Лист 01'!AE4) | Q4: =IF('Лист 01'!AG4="","",'Лист 01'!AG4) | R4: =IF('Лист 01'!AI4="","",'Лист 01'!AI4) | S4: =IF('Лист 01'!AK4="","",'Лист 01'!AK4) | T4: =IF('Лист 01'!AM4="","",'Лист 01'!AM4) | U4: =IF('Лист 01'!AO4="","",'Лист 01'!AO4) | V4: Стр.
A7: Лист 08
A9: Доходы и расходы налогоплательщика, осуществившего самостоятельную (симметричную, обратную) корректировку, корректировки по результатам взаимосогласительной процедуры в соответствии с международным договором Российской Федерации по вопросам налогообложения
A11: Вид корректировки | H11: 1 - самостоятельная корректировка (пункт 6 статьи 105.3 Кодекса) 2 - симметричная корректировка (подпункт 1 пункта 2 статьи 105.18 Кодекса) 3 - симметричная корректировка (подпункт 2 пункта 2 статьи 105.18 Кодекса) 4 - обратная корректировка (абзац первый пункта 12 статьи 105.18 Кодекса) 5 - обратная корректировка (абзац второй пункта 12 статьи 105.18 Кодекса) 6 - корректировка по результатам взаимосогласительной процедуры в соответствии с международным договором Российской Федерации по вопросам налогообложения (пункт 1 статьи 105.18-1 Кодекса)
A13: Код основания отнесения сделки к контролируемой в соответствии со статьей 105.14 Кодекса
A16: Код страны регистрации (инкорпорации) контрагента
A18: ИНН контрагента
A20: Регистрационный номер контрагента в стране регистрации (инкорпорации)
A24: Наименование организации (фамилия, имя, отчество*) контрагента
A32: (в русской транскрипции)
A40: (в латинской транскрипции)
B56: * Отчество указывается при наличии.

Sheet Лист 08 (продолжение) 
A1: . | J1: ИНН | M1: =IF('Лист 01'!Y1="","",'Лист 01'!Y1) | N1: =IF('Лист 01'!AA1="","",'Лист 01'!AA1) | O1: =IF('Лист 01'!AC1="","",'Лист 01'!AC1) | P1: =IF('Лист 01'!AE1="","",'Лист 01'!AE1) | Q1: =IF('Лист 01'!AG1="","",'Лист 01'!AG1) | R1: =IF('Лист 01'!AI1="","",'Лист 01'!AI1) | S1: =IF('Лист 01'!AK1="","",'Лист 01'!AK1) | T1: =IF('Лист 01'!AM1="","",'Лист 01'!AM1) | U1: =IF('Лист 01'!AO1="","",'Лист 01'!AO1) | V1: =IF('Лист 01'!AQ1="","",'Лист 01'!AQ1)
J4: КПП | M4: =IF('Лист 01'!Y4="","",'Лист 01'!Y4) | N4: =IF('Лист 01'!AA4="","",'Лист 01'!AA4) | O4: =IF('Лист 01'!AC4="","",'Лист 01'!AC4) | P4: =IF('Лист 01'!AE4="","",'Лист 01'!AE4) | Q4: =IF('Лист 01'!AG4="","",'Лист 01'!AG4) | R4: =IF('Лист 01'!AI4="","",'Лист 01'!AI4) | S4: =IF('Лист 01'!AK4="","",'Лист 01'!AK4) | T4: =IF('Лист 01'!AM4="","",'Лист 01'!AM4) | U4: =IF('Лист 01'!AO4="","",'Лист 01'!AO4) | V4: Стр.
A7: Лист 08 (продолжение)
A9: Сведения о сделке, по которой произведена корректировка
A10: Номер договора
A15: Дата договора | I15: . | L15: .
A18: Тип предмета сделки | I18: 1 - товар 2 - работа, услуга 3 - иной объект гражданских прав
A20: Наименование предмета сделки
A29: Код предмета сделки по ТН ВЭД | N29: Код предмета сделки по ОКПД2 | AC29: Код предмета сделки по ОКВЭД2
P30: . | S30: . | V30: . | AF30: . | AI30: .
A32: Корректировка налоговой базы по сделкам
A33: Показатели | Q33: Код строки | U33: Признак (0 - уменьшение 1 - увеличение) | AA33: Сумма в рублях
A34: 1 | Q34: 2 | U34: 3 | AA34: 4
A35: Доходы от реализации | R35: 010
A37: Внереализационные доходы | R37: 020
A39: Расходы, уменьшающие сумму доходов от реализации | R39: 030
A41: Внереализационные расходы | R41: 040
A43: Итого сумма корректировки | R43: 050

Sheet Лист 09 раздел А
A1: . | J1: ИНН | M1: =IF('Лист 01'!Y1="","",'Лист 01'!Y1) | N1: =IF('Лист 01'!AA1="","",'Лист 01'!AA1) | O1: =IF('Лист 01'!AC1="","",'Лист 01'!AC1) | P1: =IF('Лист 01'!AE1="","",'Лист 01'!AE1) | Q1: =IF('Лист 01'!AG1="","",'Лист 01'!AG1) | R1: =IF('Лист 01'!AI1="","",'Лист 01'!AI1) | S1: =IF('Лист 01'!AK1="","",'Лист 01'!AK1) | T1: =IF('Лист 01'!AM1="","",'Лист 01'!AM1) | U1: =IF('Лист 01'!AO1="","",'Лист 01'!AO1) | V1: =IF('Лист 01'!AQ1="","",'Лист 01'!AQ1)
J4: КПП | M4: =IF('Лист 01'!Y4="","",'Лист 01'!Y4) | N4: =IF('Лист 01'!AA4="","",'Лист 01'!AA4) | O4: =IF('Лист 01'!AC4="","",'Лист 01'!AC4) | P4: =IF('Лист 01'!AE4="","",'Лист 01'!AE4) | Q4: =IF('Лист 01'!AG4="","",'Лист 01'!AG4) | R4: =IF('Лист 01'!AI4="","",'Лист 01'!AI4) | S4: =IF('Лист 01'!AK4="","",'Лист 01'!AK4) | T4: =IF('Лист 01'!AM4="","",'Лист 01'!AM4) | U4: =IF('Лист 01'!AO4="","",'Лист 01'!AO4) | V4: Стр.
A7: Лист 09
A9: Расчет налога на прибыль организаций с доходов в виде прибыли контролируемой иностранной компании Раздел А. Сведения о контролируемой иностранной компании
A11: 1. Номер контролируемой иностранной компании | U11: И | W11: -
A13: 1.1. Вид дохода (код) | H13: 3 | I13: 6
A15: 2. Организационная форма (код) (только для структур без образования юридического лица) | V15: 1 - фонд 2 - партнерство 3 - траст | AB15: 4 - товарищество 5 - иная форма осуществления коллективных инвестиций и (или) доверительного управления
A17: 3. Полное наименование
A29: (в латинской транскрипции)
A30: 4. Наименование и реквизиты документа об учреждении*
A38: (в русской транскрипции)
A40: 5. Код государства (территории) регистрации (инкорпорации), учреждения | Y40: 6. Код государства (территории) налогового резидентства
A42: 7. Регистрационный номер (иной идентификатор) в государстве (территории) регистрации (инкорпорации), учреждения
A46: 8. Код налогоплательщика в государстве (территории) регистрации (инкорпорации), учреждения или аналог (если имеется)
A50: 9. Адрес в государстве (территории) регистрации (инкорпорации)
A54: (в латинской транскрипции)
A55: 10. Доля участия в прибыли контролируемой иностранной компании, % | Y55: .
A57: 11. Подтверждение основания для освобождения прибыли контролируемой иностранной компании от налогообложения
B58: 1001 | E58: 1002 | I58: 1003 | M58: 1004 | Q58: 1005 | U58: 1006 | Y58: 1007 | AC58: 1008 | AG58: 1009 | AK58: 0 - нет 1 - да
B64: * Заполняется только для структур без образования юридического лица.

Sheet Лист 09 раздел Б1
A1: . | J1: ИНН | M1: =IF('Лист 01'!Y1="","",'Лист 01'!Y1) | N1: =IF('Лист 01'!AA1="","",'Лист 01'!AA1) | O1: =IF('Лист 01'!AC1="","",'Лист 01'!AC1) | P1: =IF('Лист 01'!AE1="","",'Лист 01'!AE1) | Q1: =IF('Лист 01'!AG1="","",'Лист 01'!AG1) | R1: =IF('Лист 01'!AI1="","",'Лист 01'!AI1) | S1: =IF('Лист 01'!AK1="","",'Лист 01'!AK1) | T1: =IF('Лист 01'!AM1="","",'Лист 01'!AM1) | U1: =IF('Лист 01'!AO1="","",'Лист 01'!AO1) | V1: =IF('Лист 01'!AQ1="","",'Лист 01'!AQ1)
J4: КПП | M4: =IF('Лист 01'!Y4="","",'Лист 01'!Y4) | N4: =IF('Лист 01'!AA4="","",'Лист 01'!AA4) | O4: =IF('Лист 01'!AC4="","",'Лист 01'!AC4) | P4: =IF('Лист 01'!AE4="","",'Лист 01'!AE4) | Q4: =IF('Лист 01'!AG4="","",'Лист 01'!AG4) | R4: =IF('Лист 01'!AI4="","",'Лист 01'!AI4) | S4: =IF('Лист 01'!AK4="","",'Лист 01'!AK4) | T4: =IF('Лист 01'!AM4="","",'Лист 01'!AM4) | U4: =IF('Лист 01'!AO4="","",'Лист 01'!AO4) | V4: Стр.
A7: Лист 09 (продолжение)
A9: Раздел Б1. Расчет суммы налога с доходов в виде прибыли контролируемой иностранной компании, определенной в соответствии с подпунктом 1 пункта 1 статьи 309.1 Кодекса
A11: Номер контролируемой иностранной компании | U11: И | W11: -
A13: Код валюты
B15: Показатели | W15: Код строки | AA15: Значения показателей
B16: 1 | W16: 2 | AA16: 3
A17: Величина прибыли (убытка) до налогообложения по данным финансовой отчетности за финансовый год (в валюте) | X17: 010
A20: Общая сумма доходов и расходов, не учитываемых при определении прибыли (убытка) (в валюте) | X20: 020
A23: Сумма корректировки прибыли (убытка) на прибыль от реализации или иного выбытия финансовых активов (в валюте) | X23: 030
A26: Скорректированная величина прибыли (убытка) (в валюте) (стр.010 - стр.020 + стр.030) | X26: 040
A29: Средний курс иностранной валюты к рублю Российской Федерации (в рублях) | X29: 050 | AJ29: .
A31: Величина прибыли (убытка) для целей налогообложения (переноса убытка на будущие периоды) (в рублях) | X31: 060
A34: Общая сумма корректировки прибыли (убытка) (в валюте) | X34: 070
A36: Скорректированная величина прибыли (убытка) (в валюте) (стр.040 - стр.070) | X36: 080
A38: Скорректированная величина прибыли (убытка) (в рублях) (стр.080 х стр.050) | X38: 090
A40: Сумма промежуточных дивидендов, выплаченных в течение финансового года, за который составлена финансовая отчетность (в валюте) | X40: 100
A43: Сумма дивидендов, выплаченных в календарном году, следующем за годом, за который составлена финансовая отчетность (в валюте) | X43: 110
A46: Сумма распределенной прибыли (для структур без образования юридического лица или юридических лиц, для которых в соответствии с их личным законом не предусмотрено участие в капитале) (в валюте) | X46: 120
A49: Сумма полученных доходов в виде дивидендов, источником выплаты которых являются российские организации и фактическое право на которые имеет контролирующее лицо (в валюте) | X49: 130
A52: Величина прибыли, не подлежащей распределению между участниками (пайщиками, доверителями или иными лицами) и направляемой на увеличение уставного капитала (в валюте) | X52: 140
A55: Величина прибыли (убытка) для целей налогообложения (в рублях) ((стр.080 - стр.100 - стр.110 - стр.120 - стр.130 - стр.140) х стр.050) | X55: 150
A58: Сумма убытка или части убытка, уменьшающего налоговую базу за налоговый период (в рублях) (стр.140 приложения № 1 к Листу 09) | X58: 160
A61: Величина прибыли (убытка), подлежащая налогообложению (в рублях) (стр.150 - стр.160) | X61: 170
... A78: Сумма налога к уплате (в рублях) (стр.210 - стр.220) | X78: 230

Sheet Лист 09 раздел Б2
A1: . | J1: ИНН | M1: =IF('Лист 01'!Y1="","",'Лист 01'!Y1) | N1: =IF('Лист 01'!AA1="","",'Лист 01'!AA1) | O1: =IF('Лист 01'!AC1="","",'Лист 01'!AC1) | P1: =IF('Лист 01'!AE1="","",'Лист 01'!AE1) | Q1: =IF('Лист 01'!AG1="","",'Лист 01'!AG1) | R1: =IF('Лист 01'!AI1="","",'Лист 01'!AI1) | S1: =IF('Лист 01'!AK1="","",'Лист 01'!AK1) | T1: =IF('Лист 01'!AM1="","",'Лист 01'!AM1) | U1: =IF('Лист 01'!AO1="","",'Лист 01'!AO1) | V1: =IF('Лист 01'!AQ1="","",'Лист 01'!AQ1)
J4: КПП | M4: =IF('Лист 01'!Y4="","",'Лист 01'!Y4) | N4: =IF('Лист 01'!AA4="","",'Лист 01'!AA4) | O4: =IF('Лист 01'!AC4="","",'Лист 01'!AC4) | P4: =IF('Лист 01'!AE4="","",'Лист 01'!AE4) | Q4: =IF('Лист 01'!AG4="","",'Лист 01'!AG4) | R4: =IF('Лист 01'!AI4="","",'Лист 01'!AI4) | S4: =IF('Лист 01'!AK4="","",'Лист 01'!AK4) | T4: =IF('Лист 01'!AM4="","",'Лист 01'!AM4) | U4: =IF('Лист 01'!AO4="","",'Лист 01'!AO4) | V4: Стр.
A7: Лист 09 (продолжение)
A9: Раздел Б2. Расчет суммы налога с доходов в виде прибыли контролируемой иностранной компании, определенной в соответствии с подпунктом 2 пункта 1 статьи 309.1 Кодекса
A10: Налогоплательщики, заполняющие Раздел Б1 Листа 09, данный Раздел не заполняют
A12: Номер контролируемой иностранной компании | R12: И | T12: -
A14: Основание для применения порядка расчета прибыли | M14: 1 - невыполнение условий для определения прибыли контролируемой иностранной компании в соответствии с подпунктом 1 пункта 1 статьи 309.1 Кодекса 2 - по выбору налогоплательщика
A17: Код валюты
B19: Показатели | W19: Код строки | AA19: Значения показателей
B20: 1 | W20: 2 | AA20: 3
A21: Доходы от реализации (в валюте) | X21: 010
A23: Внереализационные доходы (в валюте) | X23: 020
A25: Расходы, уменьшающие сумму доходов от реализации (в валюте) | X25: 030
A27: Внереализационные расходы (в валюте) | X27: 040
A29: Прибыль (убыток) (в валюте) (стр.010 + стр.020 - стр.030 - стр.040) | X29: 050
A31: Средний курс иностранной валюты к рублю Российской Федерации (в рублях) | X31: 060 | AJ31: .
A33: Прибыль (убыток) для целей налогообложения (переноса убытка на будущие периоды) (в рублях) (стр.050 х стр.060) | X33: 070
A36: Общая сумма корректировки прибыли (убытка) (в валюте) | X36: 080
A38: Скорректированная величина прибыли (убытка) (в валюте) (стр.050 - стр.080) | X38: 090
A40: Скорректированная величина прибыли (убытка) (в рублях) (стр.060 х стр.090) | X40: 100
A42: Сумма промежуточных дивидендов, выплаченных в течение финансового года (в валюте) | X42: 110
A45: Сумма дивидендов, выплаченных в календарном году, следующем за истекшим финансовым годом (в валюте) | X45: 120
A48: Сумма распределенной прибыли (для структур без образования юридического лица или юридических лиц, для которых в соответствии с их личным законом не предусмотрено участие в капитале) (в валюте) | X48: 130
A51: Сумма полученных доходов в виде дивидендов, источником выплаты которых являются российские организации и фактическое право на которые имеет контролирующее лицо (в валюте) | X51: 140
A54: Величина прибыли, не подлежащей распределению между участниками (пайщиками, доверителями или иными лицами) и направляемой на увеличение уставного капитала (в валюте) | X54: 150

Sheet Лист 09 раздел Б2 (продолжение)
A1: . | J1: ИНН | M1: =IF('Лист 01'!Y1="","",'Лист 01'!Y1) | N1: =IF('Лист 01'!AA1="","",'Лист 01'!AA1) | O1: =IF('Лист 01'!AC1="","",'Лист 01'!AC1) | P1: =IF('Лист 01'!AE1="","",'Лист 01'!AE1) | Q1: =IF('Лист 01'!AG1="","",'Лист 01'!AG1) | R1: =IF('Лист 01'!AI1="","",'Лист 01'!AI1) | S1: =IF('Лист 01'!AK1="","",'Лист 01'!AK1) | T1: =IF('Лист 01'!AM1="","",'Лист 01'!AM1) | U1: =IF('Лист 01'!AO1="","",'Лист 01'!AO1) | V1: =IF('Лист 01'!AQ1="","",'Лист 01'!AQ1)
J4: КПП | M4: =IF('Лист 01'!Y4="","",'Лист 01'!Y4) | N4: =IF('Лист 01'!AA4="","",'Лист 01'!AA4) | O4: =IF('Лист 01'!AC4="","",'Лист 01'!AC4) | P4: =IF('Лист 01'!AE4="","",'Лист 01'!AE4) | Q4: =IF('Лист 01'!AG4="","",'Лист 01'!AG4) | R4: =IF('Лист 01'!AI4="","",'Лист 01'!AI4) | S4: =IF('Лист 01'!AK4="","",'Лист 01'!AK4) | T4: =IF('Лист 01'!AM4="","",'Лист 01'!AM4) | U4: =IF('Лист 01'!AO4="","",'Лист 01'!AO4) | V4: Стр.
A7: Лист 09 (продолжение)
A10: Номер контролируемой иностранной компании | R10: И | T10: -
A12: Код валюты
B14: Показатели | W14: Код строки | AA14: Значения показателей
B15: 1 | W15: 2 | AA15: 3
A16: Величина прибыли (убытка), подлежащая учету (в валюте) | X16: 160
A18: Величина прибыли (убытка) для целей налогообложения (в рублях) (стр.060 х стр.160) | X18: 170
A21: Сумма убытка или части убытка, уменьшающего налоговую базу за налоговый период (в рублях) (стр.140 приложения № 1 к Листу 09 с кодом "1") | X21: 180
A24: Величина прибыли (убытка), подлежащая учету (в рублях) (стр.170 - стр.180) | X24: 190
A26: Величина прибыли, соответствующая доле контролирующего лица (в рублях) (стр.190 х п.10 Раздела А Листа 09/100%) | X26: 200
A29: Величина прибыли, подлежащая учету у иных контролирующих лиц, через которых реализовано косвенное участие, соответствующая доле участия налогоплательщика (в рублях) | X29: 210
A32: Налоговая база для исчисления налога (в рублях) (стр.200 - стр.210 + стр.130 Раздела Б3 Листа 09) | X32: 220
A35: Сумма исчисленного налога (в рублях) | X35: 230
A37: Сумма налога, исчисленного в отношении прибыли контролируемой иностранной компании и учитываемого в соответствии с пунктом 11 статьи 309.1 Кодекса (в рублях) | X37: 240
A40: Сумма налога к уплате (в рублях) | X40: 250

Sheet Лист 09 раздел Б3
A1: . | J1: ИНН | M1: =IF('Лист 01'!Y1="","",'Лист 01'!Y1) | N1: =IF('Лист 01'!AA1="","",'Лист 01'!AA1) | O1: =IF('Лист 01'!AC1="","",'Лист 01'!AC1) | P1: =IF('Лист 01'!AE1="","",'Лист 01'!AE1) | Q1: =IF('Лист 01'!AG1="","",'Лист 01'!AG1) | R1: =IF('Лист 01'!AI1="","",'Лист 01'!AI1) | S1: =IF('Лист 01'!AK1="","",'Лист 01'!AK1) | T1: =IF('Лист 01'!AM1="","",'Лист 01'!AM1) | U1: =IF('Лист 01'!AO1="","",'Лист 01'!AO1) | V1: =IF('Лист 01'!AQ1="","",'Лист 01'!AQ1)
J4: КПП | M4: =IF('Лист 01'!Y4="","",'Лист 01'!Y4) | N4: =IF('Лист 01'!AA4="","",'Лист 01'!AA4) | O4: =IF('Лист 01'!AC4="","",'Лист 01'!AC4) | P4: =IF('Лист 01'!AE4="","",'Лист 01'!AE4) | Q4: =IF('Лист 01'!AG4="","",'Лист 01'!AG4) | R4: =IF('Лист 01'!AI4="","",'Лист 01'!AI4) | S4: =IF('Лист 01'!AK4="","",'Лист 01'!AK4) | T4: =IF('Лист 01'!AM4="","",'Лист 01'!AM4) | U4: =IF('Лист 01'!AO4="","",'Лист 01'!AO4) | V4: Стр.
A7: Лист 09 (продолжение)
A9: Раздел Б3. Расчет прибыли (убытка) контролируемой иностранной компании, по операциям с необращающимися ценными бумагами и необращающимися производными финансовыми инструментами
A10: Налогоплательщики, заполняющие Раздел Б1 Листа 09, данный Раздел не заполняют
A12: Номер контролируемой иностранной компании | R12: И | T12: -
A14: Код валюты
B16: Показатели | W16: Код строки | AA16: Значения показателей
B17: 1 | W17: 2 | AA17: 3
A18: Доходы от реализации (выбытия) (в валюте), в том числе: | X18: 010
A20: доходы от реализации (выбытия) необращающихся ценных бумаг (в валюте) | X20: 011
A22: сумма отклонения от минимальной (расчетной) цены (в валюте) | X22: 012
A24: доходы по операциям с необращающимися производными финансовыми инструментами (в валюте) | X24: 013
A27: сумма отклонения от минимальной (расчетной) цены (в валюте) | X27: 014
A29: Расходы, связанные с приобретением и реализацией (выбытием, в том числе погашением) (в валюте), в том числе: | X29: 020
A32: расходы, связанные с приобретением и реализацией (выбытием, в том числе погашением) необращающихся ценных бумаг (в валюте) | X32: 021
A35: сумма отклонения от максимальной (расчетной) цены (в валюте) | X35: 022
A37: расходы по операциям с необращающимися производными финансовыми инструментами (в валюте) | X37: 023
A40: сумма отклонения от максимальной (расчетной) цены (в валюте) | X40: 024
A42: Прибыль (убыток) (в валюте) (стр.010 - стр.020) | X42: 030
A44: Средний курс иностранной валюты к рублю Российской Федерации (в рублях) | X44: 040 | AJ44: .
A46: Прибыль (убыток) для целей налогообложения (переноса убытка на будущие периоды) (в рублях) (стр.030 х стр.040) | X46: 050
A49: Общая сумма корректировки прибыли (убытка) (в валюте) | X49: 060
A51: Скорректированная величина прибыли (убытка) (в валюте) (стр.030 - стр.060) | X51: 070
A53: Скорректированная величина прибыли (убытка) (в рублях) (стр.070 х стр.040) | X53: 080
A55: Сумма убытка (части убытка), уменьшающего налоговую базу за налоговый период (в рублях) (стр.140 приложения № 1 к Листу 09 с кодом "2") | X55: 090
A58: Величина прибыли (убытка), подлежащая учету (в рублях) (стр.080 - стр.090) | X58: 100
A60: Величина прибыли, соответствующая доле участия контролирующего лица (в рублях) (стр.100 х п.10 Раздела А Листа 09/100%) | X60: 110
A63: Величина прибыли, подлежащая учету у иных контролирующих лиц, через которых реализовано косвенное участие (в рублях) | X63: 120
A66: Налоговая база для исчисления налога (в рублях) (стр.110 - стр.120) | X66: 130

Sheet Приложение N 1 к Листу 09
A1: . | J1: ИНН | M1: =IF('Лист 01'!Y1="","",'Лист 01'!Y1) | N1: =IF('Лист 01'!AA1="","",'Лист 01'!AA1) | O1: =IF('Лист 01'!AC1="","",'Лист 01'!AC1) | P1: =IF('Лист 01'!AE1="","",'Лист 01'!AE1) | Q1: =IF('Лист 01'!AG1="","",'Лист 01'!AG1) | R1: =IF('Лист 01'!AI1="","",'Лист 01'!AI1) | S1: =IF('Лист 01'!AK1="","",'Лист 01'!AK1) | T1: =IF('Лист 01'!AM1="","",'Лист 01'!AM1) | U1: =IF('Лист 01'!AO1="","",'Лист 01'!AO1) | V1: =IF('Лист 01'!AQ1="","",'Лист 01'!AQ1)
J4: КПП | M4: =IF('Лист 01'!Y4="","",'Лист 01'!Y4) | N4: =IF('Лист 01'!AA4="","",'Лист 01'!AA4) | O4: =IF('Лист 01'!AC4="","",'Лист 01'!AC4) | P4: =IF('Лист 01'!AE4="","",'Лист 01'!AE4) | Q4: =IF('Лист 01'!AG4="","",'Лист 01'!AG4) | R4: =IF('Лист 01'!AI4="","",'Лист 01'!AI4) | S4: =IF('Лист 01'!AK4="","",'Лист 01'!AK4) | T4: =IF('Лист 01'!AM4="","",'Лист 01'!AM4) | U4: =IF('Лист 01'!AO4="","",'Лист 01'!AO4) | V4: Стр.
A7: Приложение № 1 к Листу 09
A9: Расчет суммы убытка или части убытка, уменьшающего налоговую базу по налогу с доходов в виде прибыли контролируемой иностранной компании
A11: Номер контролируемой иностранной компании | P11: И | R11: -
A13: Операции, по которым производится расчет (код)* | Q13: 1 - операции, не указанные в коде "2" 2 - операции с необращающимися ценными бумагами и необращающимися производными финансовыми инструментами
B16: Показатели | W16: Код строки | AA16: Значения показателей
B17: 1 | W17: 2 | AA17: 3
A19: Остаток неперенесенного убытка на начало налогового периода - всего | X19: 010
A21: в том числе за:
A23: три финансовых года, предшествующие 1 января 2015 г. | X23: 020
A25: за | N25: год | X25: 030
A27: за | N27: год | X27: 040
A29: за | N29: год | X29: 050
A31: за | N31: год | X31: 060
A33: за | N33: год | X33: 070
A35: за | N35: год | X35: 080
A37: за | N37: год | X37: 090
A39: за | N39: год | X39: 100
A41: за | N41: год | X41: 110
A43: за | N43: год | X43: 120
A45: Налоговая база за налоговый период (стр.150 раздела Б1 Листа 09 или стр.170 раздела Б2 Листа 09 или стр.080 раздела Б3 Листа 09) | X45: 130
A48: Сумма убытка или части убытка, уменьшающего налоговую базу за налоговый период | X48: 140
A51: Остаток неперенесенного убытка на конец налогового периода - всего | X51: 150
B80: * Налогоплательщики, заполняющие раздел Б1 Листа 09, данный реквизит не заполняют.

Sheet Приложение 1 к Декларации
J1: ИНН | M1: =IF('Лист 01'!Y1="","",'Лист 01'!Y1) | N1: =IF('Лист 01'!AA1="","",'Лист 01'!AA1) | O1: =IF('Лист 01'!AC1="","",'Лист 01'!AC1) | P1: =IF('Лист 01'!AE1="","",'Лист 01'!AE1) | Q1: =IF('Лист 01'!AG1="","",'Лист 01'!AG1) | R1: =IF('Лист 01'!AI1="","",'Лист 01'!AI1) | S1: =IF('Лист 01'!AK1="","",'Лист 01'!AK1) | T1: =IF('Лист 01'!AM1="","",'Лист 01'!AM1) | U1: =IF('Лист 01'!AO1="","",'Лист 01'!AO1) | V1: =IF('Лист 01'!AQ1="","",'Лист 01'!AQ1)
J4: КПП | M4: =IF('Лист 01'!Y4="","",'Лист 01'!Y4) | N4: =IF('Лист 01'!AA4="","",'Лист 01'!AA4) | O4: =IF('Лист 01'!AC4="","",'Лист 01'!AC4) | P4: =IF('Лист 01'!AE4="","",'Лист 01'!AE4) | Q4: =IF('Лист 01'!AG4="","",'Лист 01'!AG4) | R4: =IF('Лист 01'!AI4="","",'Лист 01'!AI4) | S4: =IF('Лист 01'!AK4="","",'Лист 01'!AK4) | T4: =IF('Лист 01'!AM4="","",'Лист 01'!AM4) | U4: =IF('Лист 01'!AO4="","",'Лист 01'!AO4) | V4: Стр.
A7: Приложение № 1 к налоговой декларации
B9: Сведения о доходах (расходах), не учитываемых при определении налоговой базы или учитываемых отдельными категориями налогоплательщиков
B12: Код вида доходов | H12: Сумма в рублях | V12: Код вида расходов | AC12: Сумма в рублях
B13: 1 | H13: 2 | V13: 3 | AC13: 4
A14: 01
A16: 02
A18: 03
A20: 04
A22: 05
A24: 06
A26: 07
A28: 08
A30: 09
A32: 10
A34: 11
A36: 12
... A56: 22

Sheet Прил.2 к Декларации (разд.А)
A1: . | J1: ИНН | M1: =IF('Лист 01'!Y1="","",'Лист 01'!Y1) | N1: =IF('Лист 01'!AA1="","",'Лист 01'!AA1) | O1: =IF('Лист 01'!AC1="","",'Лист 01'!AC1) | P1: =IF('Лист 01'!AE1="","",'Лист 01'!AE1) | Q1: =IF('Лист 01'!AG1="","",'Лист 01'!AG1) | R1: =IF('Лист 01'!AI1="","",'Лист 01'!AI1) | S1: =IF('Лист 01'!AK1="","",'Лист 01'!AK1) | T1: =IF('Лист 01'!AM1="","",'Лист 01'!AM1) | U1: =IF('Лист 01'!AO1="","",'Лист 01'!AO1) | V1: =IF('Лист 01'!AQ1="","",'Лист 01'!AQ1)
J4: КПП | M4: =IF('Лист 01'!Y4="","",'Лист 01'!Y4) | N4: =IF('Лист 01'!AA4="","",'Лист 01'!AA4) | O4: =IF('Лист 01'!AC4="","",'Лист 01'!AC4) | P4: =IF('Лист 01'!AE4="","",'Лист 01'!AE4) | Q4: =IF('Лист 01'!AG4="","",'Лист 01'!AG4) | R4: =IF('Лист 01'!AI4="","",'Лист 01'!AI4) | S4: =IF('Лист 01'!AK4="","",'Лист 01'!AK4) | T4: =IF('Лист 01'!AM4="","",'Лист 01'!AM4) | U4: =IF('Лист 01'!AO4="","",'Лист 01'!AO4) | V4: Стр.
A7: Приложение № 2 к налоговой декларации
A9: Сведения о доходах (расходах), полученных (понесенных) при исполнении соглашений о защите и поощрении капиталовложений, а также о налоговой базе и сумме исчисленного налога
A10: Раздел А. Сведения о доходах (расходах), налоговой базе и сумме исчисленного налога в целом по соглашению
H12: Субъект Российской Федерации, в котором реализуется соглашение (код)
N14: Дата соглашения_ | V14: . | Y14: .
N16: Номер соглашения_
A18: Показатели | U18: Код строки | Y18: Сумма в рублях
A19: 1 | U19: 2 | Y19: 3
A21: Доходы от реализации | V21: 010
A23: Внереализационные доходы | V23: 020
A25: Расходы, уменьшающие сумму доходов от реализации | V25: 030
A27: Внереализационные расходы | V27: 040
A29: Убытки по операциям, финансовые результаты по которым учитываются в особом порядке | V29: 050
A32: Итого убыток, если (стр.010 + стр.020 - стр.030 - стр.040 + стр.050) < 0 | V32: 060
A34: Налоговая база, если (стр.010 + стр.020 - стр.030 - стр.040 + стр.050) > 0 | V34: 100
A36: Сумма убытка или части убытка, уменьшающего налоговую базу за отчетный (налоговый) период | V36: 110
A39: Налоговая база (стр.100 - стр.110) | V39: 120
A41: в том числе для исчисления налога по пониженной налоговой ставке | V41: 130
A43: Ставка налога:
A44: в федеральный бюджет | V44: 150 | AA44: .
A46: в бюджет субъекта Российской Федерации | V46: 160 | AA46: .
A48: в том числе для исчисления налога по пониженной налоговой ставке | V48: 170 | AA48: .
A50: Сумма фактически исчисленного налога, приходящаяся на деятельность по исполнению соглашения о защите и поощрении капиталовложений - всего | V50: 180
A52: в том числе:
A53: в федеральный бюджет (стр.190 <= стр.190 Листа 02) | V53: 190
A55: в бюджет субъекта Российской Федерации (стр.200 <= стр.200 Листа 02) | V55: 200
A57: сумма налогового вычета, учтенная в уменьшение исчисленного налога в связи с реализацией инвестиционного проекта (из стр.190 и стр.200):
A60: в федеральный бюджет | V60: 268
A62: в бюджет субъекта Российской Федерации | V62: 269

Sheet Прил.2 к Декларации (разд.Б)
A1: . | J1: ИНН | M1: =IF('Лист 01'!Y1="","",'Лист 01'!Y1) | N1: =IF('Лист 01'!AA1="","",'Лист 01'!AA1) | O1: =IF('Лист 01'!AC1="","",'Лист 01'!AC1) | P1: =IF('Лист 01'!AE1="","",'Лист 01'!AE1) | Q1: =IF('Лист 01'!AG1="","",'Лист 01'!AG1) | R1: =IF('Лист 01'!AI1="","",'Лист 01'!AI1) | S1: =IF('Лист 01'!AK1="","",'Лист 01'!AK1) | T1: =IF('Лист 01'!AM1="","",'Лист 01'!AM1) | U1: =IF('Лист 01'!AO1="","",'Лист 01'!AO1) | V1: =IF('Лист 01'!AQ1="","",'Лист 01'!AQ1)
J4: КПП | M4: =IF('Лист 01'!Y4="","",'Лист 01'!Y4) | N4: =IF('Лист 01'!AA4="","",'Лист 01'!AA4) | O4: =IF('Лист 01'!AC4="","",'Лист 01'!AC4) | P4: =IF('Лист 01'!AE4="","",'Лист 01'!AE4) | Q4: =IF('Лист 01'!AG4="","",'Лист 01'!AG4) | R4: =IF('Лист 01'!AI4="","",'Лист 01'!AI4) | S4: =IF('Лист 01'!AK4="","",'Лист 01'!AK4) | T4: =IF('Лист 01'!AM4="","",'Лист 01'!AM4) | U4: =IF('Лист 01'!AO4="","",'Лист 01'!AO4) | V4: Стр.
A7: Приложение № 2 к налоговой декларации (продолжение)
A9: Раздел Б. Сведения о налоговой базе и сумме исчисленного налога при исполнении соглашения о защите и поощрении капиталовложений по организации или по обособленным подразделениям в субъекте Российской Федерации
H11: Субъект Российской Федерации, в котором реализуется соглашение (код)
N13: Дата соглашения_ | V13: . | Y13: .
N15: Номер соглашения_
A17: Показатели | U17: Код строки | Y17: Сумма в рублях
A18: 1 | U18: 2 | Y18: 3
A20: Доля налоговой базы (%) | V20: 040 | AB20: .
A22: Налоговая база исходя из доли | V22: 050
A24: в том числе для исчисления налога по пониженной налоговой ставке | V24: 051
A26: Ставка налога:
A27: в федеральный бюджет | V27: 059 | AA27: .
A29: в бюджет субъекта Российской Федерации | V29: 060 | AA29: .
A31: в том числе для исчисления налога по пониженной налоговой ставке | V31: 061 | AA31: .
A33: Сумма фактически исчисленного налога, приходящаяся на деятельность по исполнению соглашения о защите и поощрении капиталовложений - всего | V33: 070
A35: в том числе:
A36: в федеральный бюджет | V36: 071
A38: в бюджет субъекта Российской Федерации (стр.072 <= сумме стр.070 приложений № 5 к Листу 02 по соответствующему субъекту Российской Федерации) | V38: 072
A41: сумма налогового вычета, учтенная в уменьшение исчисленного налога в связи с реализацией инвестиционного проекта (из стр.071 и стр.072):
A43: в федеральный бюджет | V43: 097
A45: в бюджет субъекта Российской Федерации | V45: 098
